 Dungeon Crawl Stone Soup version 0.31-a0-345-g1ebeae05c6 (webtiles) character file.

Game seed: 4394080817579552976

1552706 PigKeeper the Metallomancer (level 26, 166/166 HPs)
             Began as a Gargoyle Earth Elementalist on July 20, 2023.
             Was the Champion of Makhleb.
             Escaped with the Orb
             ... and 3 runes on July 22, 2023!
             The game lasted 10:21:08 (74965 turns).

PigKeeper the Metallomancer (GrEE)                 Turns: 74965, Time: 10:21:09

Health: 166/166    AC: 58    Str: 22    XL:     26   Next: 3%
Magic:  41/41      EV: 15    Int: 33    God:    Makhleb [******]
Gold:   4426       SH:  0    Dex: 10    Spells: 7/53 levels left

rFire   + + +        b - +3 Elemental Staff {rElec rF+ rC+ AC+3}
rCold   + + .        N - orb {*channel}
rNeg    + + .        q - +5 fire dragon scales {Xtahua}
rPois   ∞            C - +3 crown of Dyrovepreva {rElec Int+2 SInv}
rElec   +            U - +2 cloak of Restlessness {rF+}
rCorr   .            v - +2 pair of gloves {hurl}
SInv    +            w - +5 pair of boots of the Saviour {rC+ Will+ Str+4}
Will    +++..        Z - amulet "Avesag" {Acrobat Str+3 Int+3} Stlth
                     D - ring of the Ego {Wiz rN+ Str+3}
HPRegen 0.47/turn    E - +5 ring of evasion
MPRegen 0.27/turn

%: acrobat, wizardry (x1), channel magic (20%)
@: flying, studying 2 skills
A: sickness immunity, AC +20, big wings, negative energy resistance 1,
electricity resistance, torment resistance 1, petrification resistance, cold
resistance 1, strong-willed 1, screaming 1, inability to drink after injury 1
0: Orb of Zot
}: 3/15 runes: barnacled, slimy, gossamer
a: Renounce Religion, Minor Destruction, Lesser Servant of Makhleb, Major
Destruction, Greater Servant of Makhleb


You escaped.
You worshipped Makhleb.
Makhleb was exalted by your worship.
You visited 12 branches of the dungeon, and saw 53 of its levels.
You visited the Abyss 1 time.
You also visited: Trove, Bailey, Gauntlet and Ice Cave.

You collected 8181 gold pieces.
You spent 3755 gold pieces at shops.


Innate Abilities, Weirdness & Mutations

You are immune to sickness and miasma.
Your stone body is resilient. (AC +20)
You are immune to poison.
Your large and strong wings let you fly.
You resist negative energy. (rN+)
You are resistant to electric shocks. (rElec)
You are resistant to unholy torment.
You are immune to petrification.
Your flesh is cold resistant. (rC+)
You are strong-willed. (Will+)
You occasionally shout uncontrollably at your foes.
You occasionally lose the ability to drink potions when taking damage.


   Skills:
 + Level 17.1 Fighting
 - Level 12.0 Staves
 - Level 16.0 Armour
 - Level 1.5 Dodging
 - Level 2.1 Stealth
 - Level 14.0 Spellcasting
 + Level 21.6 Conjurations
 - Level 8.0 Summonings
 - Level 8.0 Necromancy
 - Level 3.0 Translocations
 - Level 6.8 Transmutations
 + Level 23.7 Earth Magic
 - Level 16.0 Invocations
 - Level 14.0 Evocations


You had 7 spell levels left.
You knew the following spells:

 Your Spells              Type           Power      Damage    Failure   Level
a - Animate Armour        Summ/Erth      100%       N/A       1%          4
b - Spellforged Servitor  Conj/Summ      44%        N/A       9%          7
i - Irradiate             Conj/Tmut      43%        3d26      1%          5
l - Lehudib's Crystal Sp  Conj/Erth      65%        10d15     4%          8
o - Orb of Destruction    Conj           52%        9d13      1%          7
r - Lee's Rapid Deconstr  Erth           66%        3d30*     1%          5
s - Stone Arrow           Conj/Erth      100%       3d13      1%          3
v - Borgnjor's Vile Clut  Necr/Erth      56%        N/A       1%          5
I - Blink                 Tloc           84%        N/A       3%          2

Your spell library contained the following spells:

 Spells                   Type           Power      Damage    Failure   Level
 Foxfire                  Conj/Fire      100%       2x1d9     1%          1
 Kiss of Death            Conj/Necr      100%       2d13      1%          1
 Magic Dart               Conj           100%       1d8       1%          1
 Sandblast                Erth           100%       2d20      1%          1
 Summon Small Mammal      Summ           100%       N/A       1%          1
 Call Imp                 Summ           100%       N/A       1%          2
 Momentum Strike          Conj/Tloc      100%       3d10      1%          2
 Passwall                 Tmut/Erth      92%        N/A       1%          2
 Wereblood                Tmut           62%        N/A       1%          2
 Call Canine Familiar     Summ           66%        N/A       1%          3
 Dazzling Flash           Conj/Hex       100%       N/A       1%          3
 Hailstorm                Conj/Ice       96%        3d19      1%          3
 Mephitic Cloud           Conj/Pois/Air  82%        N/A       1%          3
 Flame Wave               Conj/Fire      96%        2d20      1%          4
 Fulminant Prism          Conj/Hex       38%        3d17      1%          4
 Iskenderun's Mystic Bla  Conj/Tloc      81%        2d16      1%          4
 Petrify                  Tmut/Erth      100%       N/A       1%          4
 Sticky Flame             Conj/Fire      96%        2d11      1%          4
 Sting                    Tmut/Pois      100%       1d8       2%          1
 Animate Dead             Necr           66%        N/A       2%          4
 Dispel Undead            Necr           66%        3d23      2%          4
 Arcjolt                  Conj/Air       48%        1d58      2%          5
 Fireball                 Conj/Fire      48%        3d19      2%          5
 Lesser Beckoning         Tloc           84%        N/A       3%          2
 Summon Guardian Golem    Hex/Summ       49%        N/A       3%          3
 Teleport Other           Tloc           42%        N/A       4%          3
 Freeze                   Ice            100%       1d10      5%          1
 Agony                    Necr           66%        N/A       5%          5
 Ensorcelled Hibernation  Hex/Ice        68%        N/A       7%          2
 Poisonous Vapours        Pois/Air       68%        N/A       7%          2
 Scorch                   Fire           68%        2d7       7%          2
 Freezing Cloud           Conj/Ice/Air   51%        6-21      7%          5
 Vhi's Electric Charge    Tloc/Air       98%        N/A       8%          3
 Volatile Blastmotes      Fire/Tloc      98%        2d18      8%          3
 Anguish                  Hex/Necr       24%        N/A       9%          4
 Summon Ice Beast         Ice/Summ       65%        N/A       9%          4
 Summon Lightning Spire   Summ/Air       65%        N/A       9%          4
 Conjure Ball Lightning   Conj/Air       48%        3x3d17    9%          6
 Frozen Ramparts          Ice            68%        1d11      12%         3
 Inner Flame              Hex/Fire       34%        N/A       12%         3
 Swiftness                Air            34%        N/A       12%         3
 Tukima's Dance           Hex            23%        N/A       12%         3
 Manifold Assault         Tloc           42%        N/A       12%         4
 Passage of Golubria      Tloc           42%        N/A       12%         4
 Summon Forest            Summ/Tloc      28%        N/A       12%         5
 Summon Mana Viper        Hex/Summ       49%        N/A       19%         5
 Death Channel            Necr           33%        N/A       21%         6
 Summon Cactus Giant      Summ           33%        N/A       21%         6
 Yara's Violent Unravell  Hex/Tmut       22%        3d10      22%         5
 Cause Fear               Hex            11%        N/A       30%         4
 Olgreb's Toxic Radiance  Pois           23%        N/A       30%         4
 Metabolic Englaciation   Hex/Ice        17%        N/A       58%         5
 Silence                  Hex/Air        17%        N/A       58%         5
 Simulacrum               Ice/Necr       32%        N/A       58%         6
 Haunt                    Necr/Summ      33%        N/A       61%         7
 Monstrous Menagerie      Summ           33%        N/A       61%         7
 Eringya's Noxious Bog    Tmut/Pois      22%        4d6       67%         6
 Dispersal                Tloc           21%        N/A       71%         6
 Plasma Beam              Fire/Air       25%        2x1d38    96%         6
 Enfeeble                 Hex            11%        N/A       100%        7
 Ozocubu's Refrigeration  Ice            17%        4d11      100%        7
 Infestation              Necr           33%        N/A       99%         8
 Dragon's Call            Summ           33%        N/A       100%        9
 Polar Vortex             Ice            17%        12d2*     100%        9
 Sublimation of Blood     Necr           Unusable   N/A       N/A         2
 Cigotuvi's Dreadful Rot  Necr/Pois/Air  Unusable   N/A       N/A         2

Inventory:

Hand Weapons
 b - the +3 Elemental Staff (weapon) {rElec rF+ rC+ AC+3}
   (You bought it in a shop on level 2 of the Vaults)

   It enhances your fire, ice, earth and air magic.
   AC:        It affects your AC (+3).
   rF:        It protects you from fire.
   rC:        It protects you from cold.
   rElec:     It insulates you from electricity.
Missiles
 t - 2 throwing nets {=f!f}
 H - 18 javelins
 K - 15 curare-tipped darts {=f}
 X - 11 silver javelins
Armour
 q - +5 fire dragon scales (worn) {Xtahua}
   (You found it on level 3 of the Vaults)
 v - a +2 pair of gloves of hurling (worn)
   (You found it on level 3 of the Vaults)
 w - the +5 pair of boots of the Saviour (worn) {rC+ Will+ Str+4}
   (You found it in a treasure trove)

   Str:       It affects your strength (+4).
   rC:        It protects you from cold.
   Will:      It increases your willpower.
 C - the +3 crown of Dyrovepreva (worn) {rElec Int+2 SInv}
   (You found it in a treasure trove)

   Int:       It affects your intelligence (+2).
   rElec:     It insulates you from electricity.
   SInv:      It lets you see invisible.
 N - an orb of energy (worn)
   (You found it on level 7 of the Dungeon)
 P - +6 acid dragon scales
   (You found it on level 12 of the Dungeon)
 U - the +2 cloak of Restlessness (worn) {rF+}
   (You found it on level 8 of the Dungeon)

   rF:        It protects you from fire.
 V - a scarf of shadows
   (You found it on level 4 of the Spider Nest)
Magical Staves
 a - a staff of conjuration {a}
   (You found it on level 2 of the Elven Halls)
Jewellery
 D - the ring of the Ego (left hand) {Wiz rN+ Str+3}
   (You bought it in a shop on level 4 of the Depths)

   [ring of wizardry]

   It improves your spell success rate.
   Str:       It affects your strength (+3).
   rN:        It protects you from negative energy.
 E - a +5 ring of evasion (right hand)
   (You found it on level 2 of the Elven Halls)
 Z - the amulet "Avesag" (around neck) {Acrobat Str+3 Int+3}
   (You took it off a frost giant on level 4 of the Depths)

   [amulet of the acrobat]

   It increases your evasion while moving and waiting.
   Str:       It affects your strength (+3).
   Int:       It affects your intelligence (+3).
Wands
 f - a wand of digging (13)
   (You found it on level 1 of the Spider Nest)
 F - a wand of flame (37)
   (You found it on level 6 of the Dungeon)
 I - a wand of mindburst (24)
   (You found it on level 1 of the Depths)
 M - a wand of roots (21)
   (You took it off Pikel on level 5 of the Dungeon)
 S - a wand of charming (24)
   (You found it on level 8 of the Dungeon)
 T - a wand of acid (1)
   (You found it on level 9 of the Dungeon)
Scrolls
 d - 4 scrolls of immolation {!r!r}
 g - 5 scrolls of fear
 h - 2 scrolls of blinking {!r}
 k - 7 scrolls of teleportation {@r4}
 m - 6 scrolls of vulnerability {!r!r}
 u - a scroll of torment {!r}
 x - 3 scrolls of revelation
 J - 2 scrolls of silence {!r}
 L - a scroll of summoning
 W - 5 scrolls of fog
Potions
 e - a potion of invisibility
 i - 2 potions of berserk rage {!q}
 j - 9 potions of ambrosia
 l - 10 potions of haste {@q3}
 p - 7 potions of resistance
 r - 2 potions of brilliance
 s - 22 potions of curing {@q1}
 z - 6 potions of enlightenment
 A - 3 potions of mutation {!q}
 G - 7 potions of might
 O - a potion of cancellation
 Q - 8 potions of heal wounds {@q2}
Miscellaneous
 n - a phantom mirror
   (You found it in a Gauntlet)
 o - a lightning rod (4/4)
   (You found it in a Gauntlet)
 y - a box of beasts
   (You found it on level 12 of the Dungeon)
 B - a tin of tremorstones (2/2)
   (You found it on level 8 of the Dungeon)
 R - a phial of floods
   (You found it on level 12 of the Dungeon)

Dungeon Overview and Level Annotations

Branches:
Dungeon (15/15)            Temple (1/1) D:5            Lair (5/5) D:11
 Shoals (4/4) Lair:3       Spider (4/4) Lair:3        Slime (5/5) Lair:5
    Orc (2/2) D:12            Elf (3/3) Orc:2        Vaults (4/5) D:13
  Crypt (0/3) Vaults:3     Depths (4/4) D:15           Hell (visited)
    Zot (5/5) Depths:4     Bailey (visited)           IceCv (visited)
Gauntlet (visited)
    Dis: Hell:1         Geh: Hell:1         Coc: Hell:1         Tar: Hell:1

Altars:
Ashenzari
Cheibriados
Dithmenos
Elyvilon
Fedhas
Gozag
Hepliaklqana
Kikubaaqudgha
Makhleb
Nemelex Xobeh
Okawaru
Qazlal
Ru
Sif Muna
Trog
Uskayaw
Vehumet
Wu Jian
Xom
Yredelemnul
Zin
The Shining One
Jiyva
Lugonu

Shops:
D:9 :   Orc:2 ?*:(   Elf:1 :   Shoals:4 (**[   Vaults:1 (   Vaults:2 (
Vaults:3 [   Depths:3 [(   Depths:4 =:=

Portals:
Hell: Depths:1 Depths:2 Depths:3 Depths:4
Abyss: Depths:2 Depths:3
Pandemonium: Orc:2 Depths:2 Depths:4
Ziggurat: Depths:1

Annotations:
Elf:2 5 runed translucent doors
Hell Geryon
Zot:2 2 transporters, exclusion: obsidian statue, Flapstick's ghost, legendary HaBe

##...#####..#...###.##.##...#
##.#####...####..##....#....###
##.# #...### ##.##....##.....#
##.# #...## #..####.##.###.#
##.###....### ##..#...#..#...#
##.##...#[..## ###.#.######.###
##.#..#####..###.............#
##...## #.#.#...############
##...## ###.....@.#
#..#..###....##...#
#)###.......#####.#
#.######....# #.# #..# #.####
##.# ##.# #.### ##.########
##.# #...####...##....# ##.##
###.##....###.##.# ##..#
#......###...#.#


There were no monsters in sight!


Message History

There is a stone staircase leading up here. 😎 MP[+2]
Your mp is fully restored (41).
You fly upwards.
There is a stone staircase leading down here.
There is an escape hatch in the ceiling here.
A mysterious force pulls you upwards. The hatch slams shut behind you.
A hell beast comes into view.
You yell at the hell beast!
The hell beast gives a chilling moan.
Casting: Lehudib's Crystal Spear (dangerous; 4% risk of failure)
Confirm with . or Enter, or press ? or * to list all spells.
Aiming: Borgnjor's Vile Clutch (mildly dangerous; 1% risk of failure)
Press: ? - help, Shift-Dir - straight line, f - hell beast
Aim: a hell beast (100% to hit)
You feel a surge of power!
Zombie hands grab the hell beast.
The zombie hands constrict the hell beast!
The hell beast struggles to escape constriction. 😎 MP[-5]
You lost 5 mp, and now have 36/41 mp.
You feel a surge of power!
The crystal spear hits the hell beast!!!
The hell beast is almost dead.
The zombie hands constrict the hell beast!!
You kill the hell beast!
Makhleb accepts your kill.
Your Armour skill increases to level 16! 😎 MP[-8]
You lost 8 mp, and now have 28/41 mp.
There is a stone staircase leading up here. 😎 MP[+1]
You fly upwards.
There is a stone staircase leading down here. 😎 MP[+1]
Things that are here:
a +0 robe; a +1 mace You see here a +0 spear.
Things that are here:
a +0 robe; a +0 battleaxe
There is a stone staircase leading up here. 😎 MP[+5]
You regained 5 mp, and now have 35/41 mp.
Magic restored.
You fly upwards.
There is a stone staircase leading down here. 😎 MP[+1]
Things that are here:
a +0 chain mail; a +0 whip Magic restored.
There is a stone staircase leading up here. 😎 MP[+5]
Your mp is fully restored (41).
You fly upwards.
A blizzard demon comes into view.
You yell at the blizzard demon!
There is a stone staircase leading down here.
Casting: Lehudib's Crystal Spear (dangerous; 4% risk of failure)
Confirm with . or Enter, or press ? or * to list all spells.
Aiming: Borgnjor's Vile Clutch (mildly dangerous; 1% risk of failure)
Press: ? - help, Shift-Dir - straight line, f - blizzard demon
Aim: a blizzard demon (100% to hit)
You feel a surge of power!
Zombie hands grab the blizzard demon.
The zombie hands constrict the blizzard demon! 😎 MP[-5]
You lost 5 mp, and now have 36/41 mp.
You feel a surge of power!
The crystal spear hits the blizzard demon!!!!
You kill the blizzard demon!
Makhleb accepts your kill. 😎 MP[-8]
You lost 8 mp, and now have 28/41 mp.
Press: ? - help, v - describe, . - travel A stone staircase leading up.
You see here a +0 giant club.
There is a stone staircase leading down here.
There is a stone staircase leading up here. 😎 MP[+2]
You regained 2 mp, and now have 30/41 mp.
You fly upwards.
There is a stone staircase leading down here. 😎 MP[+1] Magic restored.
There is a stone staircase leading up here. 😎 MP[+5]
You regained 5 mp, and now have 36/41 mp.
You fly upwards.
There is a stone staircase leading down here. 😎 MP[+1]
There is an escape hatch in the ceiling here. 😎 MP[+2]
You regained 2 mp, and now have 39/41 mp.
A mysterious force pulls you upwards.
The hatch slams shut behind you. 😎 MP[+1] Magic restored.
There is a staircase leading out of the dungeon here. 😎 MP[+1]
Your mp is fully restored (41).
You have escaped!

Skill      XL: |  1  2  3  4  5  6  7  8  9 10 11 12 13 14 15 16 17 18 19 20 21 22 23 24 25 26 |
---------------+-------------------------------------------------------------------------------+-----
Earth Magic    | 4 5 6 7 9 12 13 14 15 16 17 18 20 21 22 23 | 23.7
Conjurations   | 1 3 4 5 6 7 8 9 11 15 17 19 20 21 | 21.6
Fighting       | 1 3 4 6 8 10 11 12 13 14 15 16 17 | 17.1
Invocations    | 1 3 5 8 9 10 12 14 15 16 | 16.0
Staves         | 3 5 7 8 10 11 12 | 12.0
Spellcasting   | 3 5 6 8 9 10 11 12 13 14 | 14.0
Transmutations | 1 3 4 6 |  6.8
Evocations     | 1 3 6 7 8 9 10 11 12 14 | 14.0
Armour         | 2 5 7 9 10 11 12 13 14 15 16 | 16.0
Necromancy     | 2 6 7 8 |  8.0
Translocations | 1 2 3 |  3.0
Summonings     | 3 6 8 |  8.0
Dodging        | |  1.5
Stealth        | |  2.1

Action                     |  1- 3 |  4- 6 |  7- 9 | 10-12 | 13-15 | 16-18 | 19-21 | 22-24 | 25-27 || total
---------------------------+-------+-------+-------+-------+-------+-------+-------+-------+-------++-------
  Melee: Dagger            |     4 |     5 |    28 |       |       |       |       |       |       ||    37
         Punch             |       |       |     1 |       |       |       |       |       |       ||     1
         Quarterstaff      |       |       |     8 |       |       |       |       |       |       ||     8
         Whip              |       |       |     7 |    43 |       |       |       |       |       ||    50
         Staff             |       |       |       |    23 |   297 |  1302 |  1584 |  1394 |    88 ||  4688
  Throw: Stone             |       |       |     6 |     7 |       |       |       |       |       ||    13
         Dart              |       |       |     1 |    19 |    22 |     4 |     2 |       |       ||    48
         Boomerang         |       |       |       |       |     1 |       |       |       |       ||     1
         Javelin           |       |       |       |       |       |       |       |       |     1 ||     1
   Cast: Sandblast         |    38 |    81 |   140 |   265 |   263 |   189 |   172 |    33 |       ||  1181
         Stone Arrow       |       |     1 |    23 |   125 |   298 |   231 |   338 |   112 |    14 ||  1142
         Borgnjor's Vile C |       |       |       |       |     1 |    74 |    43 |    84 |    36 ||   238
         Blink             |       |       |       |       |       |     2 |     1 |     1 |     1 ||     5
         Petrify           |       |       |       |       |       |       |     2 |       |       ||     2
         Orb of Destructio |       |       |       |       |       |       |     8 |    17 |       ||    25
         Lehudib's Crystal |       |       |       |       |       |       |       |   109 |    61 ||   170
         Spellforged Servi |       |       |       |       |       |       |       |    32 |     8 ||    40
         Animate Armour    |       |       |       |       |       |       |       |    10 |     3 ||    13
 Invoke: Lesser Servant of |       |       |       |     3 |    22 |     2 |    13 |     1 |       ||    41
         Major Destruction |       |       |       |     1 |    14 |    16 |     5 |    15 |     2 ||    53
         Greater Servant o |       |       |       |       |       |     1 |     4 |       |     1 ||     6
         Minor Destruction |       |       |       |       |       |       |     1 |       |       ||     1
Ability: Evoke Blink       |       |       |     8 |     1 |     2 |       |       |       |       ||    11
  Evoke: Wand              |       |       |       |     9 |    27 |     5 |    35 |    11 |     8 ||    95
         Phial of floods   |       |       |       |       |     1 |     1 |     1 |       |       ||     3
         Lightning rod     |       |       |       |       |       |       |     2 |       |       ||     2
         Tin of tremorston |       |       |       |       |       |       |     1 |       |       ||     1
    Use: Scroll            |       |       |     9 |     8 |     4 |    15 |    26 |    13 |     3 ||    78
         Potion            |       |       |     1 |     4 |     4 |     1 |     7 |     4 |     5 ||    26
   Stab: Sleeping          |     2 |     1 |       |       |       |     2 |     1 |       |       ||     6
         Distracted        |       |       |       |       |     1 |       |     1 |     1 |       ||     3
         Betrayed ally     |       |       |       |       |     1 |       |     1 |       |       ||     2
         Petrified         |       |       |       |       |       |       |     7 |       |       ||     7
         Confused          |       |       |       |       |       |       |       |       |     1 ||     1
 Armour: Robe              |     4 |    11 |    80 |   110 |       |       |       |       |       ||   205
         Steam dragon scal |       |       |       |    43 |       |       |       |       |       ||    43
         Acid dragon scale |       |       |       |     3 |   242 |   302 |   545 |   608 |       ||  1700
         Fire dragon scale |       |       |       |       |       |       |       |    35 |    68 ||   103
  Dodge: Dodged            |     3 |    19 |    67 |   198 |   197 |   347 |   535 |   596 |    54 ||  2016

Levels and vault maps discovered:
D:1:      dpeg_arrival_arbitrary_b, layout_basic,
          hellmonk_ecumenical_altar_heavens_door
D:2:      wad_pebble_path, layout_basic, minmay_box_of_dots, uniq_robin,
          uniq_sigmund
D:3:      layout_basic, general_overflow_altar, roderic_lattice_a
D:4:      layout_rooms, mainiacjoe_overflow_24_doors, serial_co_window_serial,
          co_window_paths_a, co_window_of_opportunity_a, co_window_corner_a,
          co_window_paths_a, co_window_of_opportunity_a, co_window_cross_3,
          co_window_unsneaky_path_d, co_window_2corner, co_window_2corner,
          co_window_corner_cb, co_window_cross_4, co_window_paths_e,
          glass_columns_c, glass_columns_b, glass_columns_a, glass_columns_a
D:5:      nicolae_cairo_tiling, layout_cave_pods,
          nicolae_overflow_crystal_walls, kiku_gazebo_garden_becter,
          mainiacjoe_overflow_cross_hatched,
          minmay_temple_entry_enclosed_plants, st_stairs_10,
          corexii_checkpoint_a, uniq_blork_the_orc, uniq_eustachio,
          uniq_crazy_yiuf_cottage, uniq_pikel
D:6:      layout_basic, nicolae_hepliaklqana_hazy_memory, serial_demonic,
          serial_demonic_g, serial_demonic_e, serial_demonic_f,
          serial_demonic_e, lightli_orcish_oven
D:7:      layout_rooms, minivault_27, minmay_tree_intersection
D:8:      minmay_the_grid_triangle_9x9_rhombus_full
          [minmay_the_grid_triangle_9x9_swiss_cheese,
          minmay_the_grid_triangle_9x9_cache,
          minmay_the_grid_triangle_9x9_negative_grid,
          minmay_the_grid_triangle_9x9_sparse_checkered,
          minmay_the_grid_triangle_9x9_from_above,
          minmay_the_grid_triangle_9x9_wacky_v,
          minmay_the_grid_triangle_9x9_windchime,
          minmay_the_grid_triangle_9x9_prize_schism], layout_basic,
          mainiacjoe_overflow_six_doors_small, enter_bailey_3, lightli_minifort,
          uniq_maggie
D:9:      layout_basic, nicolae_gozag_seed_capital, serial_shops,
          nicolae_shop_peninsula
D:10:     layout_basic, zin_treasury, lemuel_round_altar,
          nicolae_elevator_lobby_asterisk
D:11:     layout_big_octagon, minmay_lair_entry_grove,
          nicolae_trove_entry_diagonal, nzn_ghost_randoct, uniq_urug
D:12:     lemuel_castle_with_subvaults [lemuel_castle_interior_carwin_2],
          layout_stronghold, orc_0_dummy, gammafunk_ghost_ooze, uniq_josephine,
          uniq_azrael, uniq_sonja, uniq_jorgrun, uniq_psyche
D:13:     layout_loops_corners, hangedman_vaults_entry_quadrant_bands,
          uniq_maurice, uniq_frances
D:14:     layout_irregular_city, gauntlet_entry_generic, cheibriados_altar_1
D:15:     hangedman_depths_entry_civil_slaughter, layout_rooms,
          lemuel_crystal_altar, nicolae_letterblocks [nicolae_letter_subblock,
          nicolae_letter_subblock, nicolae_letter_subblock,
          nicolae_letter_subblock, nicolae_letter_subblock,
          nicolae_letter_subblock, nicolae_letter_subblock,
          nicolae_letter_subblock, nicolae_letter_subblock,
          nicolae_letter_subblock, nicolae_letter_subblock,
          nicolae_letter_subblock, nicolae_letter_subblock,
          nicolae_letter_subblock, nicolae_letter_subblock,
          nicolae_letter_subblock, nicolae_letter_subblock,
          nicolae_letter_subblock, nicolae_letter_subblock,
          nicolae_letter_subblock, nicolae_letter_subblock,
          nicolae_letter_subblock, nicolae_letter_subblock,
          nicolae_letter_subblock, nicolae_letter_subblock], uniq_nessos
Temple:   nicolae_temple_no_exploring_needed
Lair:1:   layout_chaotic_city, small_statue_intersection
Lair:2:   layout_regular_city, grunt_megastairs_3
Lair:3:   layout_cave_pods, minmay_shoals_entry_lonely_mermaid,
          spider_nest_entry_rubble, serial_bayou_shore_a
Lair:4:   layout_roguey, serial_bayou_ford_a
Lair:5:   due_jungle_book, layout_gridlike, slime_entry_2,
          cheibrodos_lair_lostbears, uniq_rupert
Shoals:1: cheibrodos_shoals_gigantism, layout_shoals,
          nicolae_shoals_lost_giant_amphitheater
Shoals:2: layout_shoals, gammafunk_ghost_necromancy
Shoals:3: layout_shoals, uniq_mara
Shoals:4: shoals_end_simple, layout_shoals, serial_shops,
          nicolae_shop_scrapyard, nicolae_shop_competitors_out_of_business,
          nicolae_shop_hallway_plus, shop
Spider:1: layout_spider_delve, nicolae_spider_acid_house, uniq_louise,
          uniq_aizul
Spider:2: layout_spider_delve, hangedman_spider_tarantella_strand, uniq_arachne
Spider:3: layout_cave_pods
Spider:4: grunt_spider_rune_parallel, nicolae_spider_webs_and_nodes
Slime:1:  layout_caves
Slime:2:  layout_caves
Slime:3:  layout_caves, special_room [special_room_jelly]
Slime:4:  layout_caves
Slime:5:  slime_pit
Orc:1:    layout_diamond_mine, portal_ice_cave_entry_pillars_2
Orc:2:    pf_orc_diabolical, layout_diamond_mine, basic_altar
Elf:1:    elf_arrival_002, layout_loops_corners, serial_shops, shop,
          basic_altar, minmay_elf_demonology
Elf:2:    elven_hall_of_blades_hangedman_alternative
          [nicolae_blade_entry_antechamber], layout_loops_ring, serial_sigils,
          serial_sigils_hangedman_shear, serial_sigils_hangedman_gut,
          serial_sigils_hangedman_stare
Elf:3:    elf_hall, layout_rooms
Vaults:1: ontoclasm_vaults_pinch, nicolae_vaults_octothorpe,
          nicolae_vaults_diagonal_hallway_8, nicolae_vaults_closet_pinwheel_5,
          vaults_room_large_hall, nicolae_vaults_double_plus_3,
          ontoclasm_vaults_shuriken, vaults_room_stairs_pillars,
          ontoclasm_vaults_chip, nicolae_vaults_shrinking_rooms_1,
          nicolae_vaults_corridor_and_loot_room,
          nicolae_vaults_mini_display_case, vaults_room_grunt_arrival_ludios,
          nicolae_vaults_double_plus_1, nicolae_vaults_little_ls,
          layout_vaults_ring, serial_shops, shop, uniq_saint_roka
Vaults:2: ontoclasm_vaults_eye, nicolae_vaults_apartment_2,
          vaults_mumra_hexcomb, v_misc_16, grunt_vaults_bifocal,
          nicolae_vaults_yaktaur_gun_rack, layout_vaults_omnicross,
          serial_shops, shop
Vaults:3: nicolae_vaults_specimen_jars, dpeg_vaults_monster_row,
          grunt_vaults_hallway_short, dpeg_vaults_pockets_of_resistance,
          hangedman_vaults_slice, nicolae_vaults_tetromino_Z_1,
          nicolae_vaults_offset_grid_hallway_1,
          minmay_crypt_entry_simple_statues, nicolae_vaults_weapon_check,
          nicolae_vaults_arrows, v_misc_29,
          nicolae_vaults_taking_the_gang_shopping, v_alt_pattern_4,
          nicolae_vaults_storage_room_water, layout_vaults_maze, uniq_xtahua
Vaults:4: nicolae_vaults_spaceships, nicolae_vaults_doubleplus_tesselated,
          nicolae_vaults_little_squares_3, nicolae_vaults_what_the_h,
          ontoclasm_vaults_loading_screen, layout_vaults_omnigrid, uniq_boris
Depths:1: layout_gridlike, enter_ziggurat_b, nicolae_twisty_statue_hallways,
          hell_entry, minmay_misc_feat_tower, minmay_liquid_box,
          hangedman_abyss_or_decor_stagger, st_stairs_14,
          hangedman_decor_opposing, nicolae_titane
Depths:2: minmay_bloctagon_deflated, layout_gridville, nrook_pool_corridor,
          pf_hell_entry_tar_river, rand_demon_pan_entry_3, abyss_entry,
          kennysheep_nondecorative_pillar, uniq_josephina, uniq_grunn
Depths:3: minmay_skeleton_keep, layout_gridlike, hell_entry,
          abyss_entry_flame_altar, minmay_shoptagon
Depths:4: grunt_zot_entry_funnels, layout_cave_pools, hell_entry, pan_entry,
          minmay_hedge_maze, minmay_shop_grove, serial_bayou_shore_b,
          uniq_parghit
Hell
Zot:1:    layout_gridlike, gammafunk_ghost_wrathful_warriors,
          hangedman_zot_wheel_spokes, guppyfry_library_mini
Zot:2:    gammafunk_sealed_arena, layout_gridville, gammafunk_ghost_arena,
          grunt_ministairs_12
Zot:3:    layout_gridville, drop_trap, lemuel_elevator, grunt_megastairs_2
Zot:4:    kennysheep_ambush_hall, layout_misc_corridors
Zot:5:    layout_gridlike

Notes
Turn   | Place    | Note
-------+----------+-------------------------------------------
     0 | D:1      | PigKeeper the Gargoyle Earth Elementalist began the quest
                  | for the Orb.
     0 | D:1      | Reached XP level 1. HP: 10/10 MP: 3/3
   119 | D:1      | Reached skill level 4 in Earth Magic
   275 | D:1      | Reached XP level 2. HP: 15/15 MP: 3/5
   377 | D:1      | Found a faded altar of an unknown god.
   771 | D:2      | Reached XP level 3. HP: 19/19 MP: 1/6
   789 | D:2      | Reached skill level 5 in Earth Magic
  1198 | D:2      | Noticed Robin
  1234 | D:2      | Killed Robin
  1235 | D:2      | Reached XP level 4. HP: 9/24 MP: 0/7
  1238 | D:2      | HP: 6/24 [hobgoblin[Robin] (3)]
  1319 | D:2      | Noticed Sigmund
  1445 | D:2      | Reached skill level 6 in Earth Magic
  1657 | D:2      | Learned a level 3 spell: Stone Arrow
  1929 | D:3      | Reached skill level 1 in Conjurations
  1968 | D:3      | Reached XP level 5. HP: 28/28 MP: 3/8
  2297 | D:3      | Found a shimmering altar of Xom.
  2592 | D:3      | Reached skill level 2 in Conjurations
  2692 | D:4      | Reached skill level 3 in Conjurations
  2692 | D:4      | Reached skill level 7 in Earth Magic
  2692 | D:4      | Reached XP level 6. HP: 30/32 MP: 3/9
  2797 | D:4      | Found a burning altar of Makhleb.
  2801 | D:4      | Became a worshipper of Makhleb the Destroyer
  2958 | D:4      | Identified the ring "Tiletry" {Ice +Blink rN+ Will+ Str-5}
  3882 | D:5      | Entered Level 5 of the Dungeon
  3897 | D:5      | Noticed a black bear
  3958 | D:4      | Reached skill level 4 in Conjurations
  3958 | D:4      | Reached XP level 7. HP: 26/36 MP: 3/10
  4052 | D:5      | Found a blossoming altar of Fedhas.
  4062 | D:5      | HP: 9/36 [ice beast (2)]
  4068 | D:5      | Reached skill level 8 in Earth Magic
  4177 | D:5      | Reached skill level 5 in Conjurations
  4297 | D:5      | You add the spells Blink and Manifold Assault to your
                  | library.
  4327 | D:5      | Found a staircase to the Ecumenical Temple.
  4333 | Temple   | Entered the Ecumenical Temple
  4454 | D:5      | Noticed Eustachio
  4483 | D:5      | Reached skill level 9 in Earth Magic
  4525 | D:5      | Found an ancient bone altar of Kikubaaqudgha.
  4667 | D:5      | Reached * piety under Makhleb
  4670 | D:5      | Reached XP level 8. HP: 41/41 MP: 7/11
  4762 | D:5      | Noticed Blork the orc
  4771 | D:5      | Killed Blork the orc
  4815 | D:5      | Noticed Pikel
  4979 | D:4      | Reached skill level 10 in Earth Magic
  5088 | D:5      | Killed Pikel
  5089 | D:5      | Reached skill level 11 in Earth Magic
  5235 | D:5      | Reached skill level 12 in Earth Magic
  5324 | D:5      | Found a hide-covered altar of Uskayaw.
  5357 | D:5      | You pick up a book of Spatial Translocations and begin
                  | reading...
  5357 | D:5      | You add the spells Momentum Strike and Lesser Beckoning to
                  | your library.
  5735 | D:5      | Killed Eustachio
  5736 | D:5      | Reached skill level 1 in Fighting
  5736 | D:5      | Reached skill level 1 in Invocations
  5736 | D:5      | Reached XP level 9. HP: 47/47 MP: 4/12
  5896 | D:5      | Found a runed translucent door.
  5897 | D:5      | Noticed Crazy Yiuf
  5903 | D:5      | Killed Crazy Yiuf
  6089 | D:6      | Reached skill level 1 in Staves
  6235 | D:6      | You pick up a book of Decay and begin reading...
  6235 | D:6      | You add the spells Dispel Undead and Death Channel to your
                  | library.
  6245 | D:6      | Reached skill level 2 in Invocations
  6281 | D:6      | Found a hazy altar of Hepliaklqana.
  6287 | D:6      | Reached skill level 2 in Fighting
  6345 | D:6      | Reached skill level 3 in Spellcasting
  6347 | D:6      | Reached ** piety under Makhleb
  6463 | D:6      | Reached skill level 2 in Staves
  6515 | D:6      | Reached skill level 6 in Conjurations
  6799 | D:6      | Reached skill level 3 in Invocations
  6909 | D:7      | Reached skill level 3 in Fighting
  6911 | D:7      | You pick up a book of Misfortune and begin reading...
  6911 | D:7      | You add the spells Inner Flame, Yara's Violent Unravelling
                  | and Enfeeble to your library.
  6915 | D:7      | Learned a level 2 spell: Passwall
  7006 | D:7      | Reached skill level 1 in Transmutations
  7244 | D:7      | Reached skill level 1 in Evocations
  7264 | D:7      | Reached skill level 3 in Staves
  7365 | D:7      | Reached XP level 10. HP: 56/56 MP: 8/15
  7367 | D:7      | Reached *** piety under Makhleb
  7479 | D:7      | Reached skill level 4 in Spellcasting
  7509 | D:7      | Reached skill level 4 in Invocations
  7531 | D:7      | Reached skill level 2 in Transmutations
  7633 | D:7      | You pick up a book of Minor Magic and begin reading...
  7633 | D:7      | You add the spells Magic Dart, Call Imp and Mephitic Cloud
                  | to your library.
  7725 | D:7      | Reached skill level 2 in Evocations
  7846 | D:8      | Found a flagged portal.
  7883 | Bailey   | Entered a bailey
  8290 | Bailey   | Found a bloodstained altar of Trog.
  8442 | D:8      | Found a glowing golden altar of the Shining One.
  8531 | D:8      | Reached skill level 7 in Conjurations
  8584 | D:8      | Reached **** piety under Makhleb
  8641 | D:8      | Reached skill level 5 in Invocations
  8676 | D:8      | Reached skill level 3 in Evocations
  8685 | D:8      | Reached skill level 3 in Transmutations
  8874 | D:8      | Noticed a two-headed ogre
  9137 | D:8      | Reached skill level 5 in Spellcasting
  9139 | D:8      | Reached skill level 13 in Earth Magic
  9370 | D:2      | Killed Sigmund
  9555 | D:9      | Reached XP level 11. HP: 41/60 MP: 0/18
  9562 | D:9      | HP: 10/60 [water moccasin (9)]
  9574 | D:9      | HP: 11/60 [hornet (9)]
  9577 | D:9      | Reached skill level 6 in Invocations
  9577 | D:9      | Reached skill level 4 in Evocations
  9712 | D:9      | Reached skill level 8 in Conjurations
  9840 | D:9      | Upgraded the game from 0.31-a0-339-gda1cbd555d to
                  | 0.31-a0-344-gd109795599
 10076 | D:9      | Found an opulent altar of Gozag.
 10166 | D:9      | Found Zojucouph's Book Shoppe.
 10777 | D:10     | Entered Level 10 of the Dungeon
 11191 | D:10     | Reached skill level 5 in Evocations
 11271 | D:10     | Reached skill level 4 in Staves
 11271 | D:10     | Reached skill level 7 in Invocations
 11421 | D:10     | Found a sacrificial altar of Ru.
 11537 | D:10     | Noticed a two-headed ogre
 11543 | D:10     | Killed a two-headed ogre
 11637 | D:10     | Found a glowing silver altar of Zin.
 11871 | D:8      | Killed a two-headed ogre
 11986 | D:8      | Reached skill level 5 in Staves
 12105 | D:8      | You add the spells Scorch, Sticky Flame, Animate Armour and
                  | Plasma Beam to your library.
 12105 | D:8      | Got the Notes on the Quarry and the Torch
 12205 | D:8      | Reached ***** piety under Makhleb
 12206 | D:8      | Reached skill level 1 in Armour
 12220 | D:8      | Noticed Maggie
 12271 | D:8      | Killed Maggie
 12433 | D:8      | Reached skill level 8 in Invocations
 12500 | D:8      | Noticed a centaur warrior
 12504 | D:8      | Reached skill level 6 in Evocations
 12529 | D:8      | Reached skill level 2 in Armour
 12669 | D:8      | Killed a centaur warrior
 12670 | D:8      | Reached skill level 4 in Fighting
 12670 | D:8      | Reached XP level 12. HP: 66/66 MP: 6/19
 12856 | D:8      | Identified the +2 cloak of Restlessness {rF+}
 12910 | D:8      | Identified the +6 flail "Zeope" {venom, rC+ Int+2}
 13133 | D:11     | Found a transporter.
 13149 | D:11     | Noticed a boulder beetle
 13174 | D:11     | Found a transporter.
 13186 | D:11     | Reached skill level 3 in Armour
 13227 | D:11     | Noticed a boulder beetle
 13232 | D:11     | Reached skill level 6 in Staves
 13234 | D:11     | Killed a boulder beetle
 13289 | D:11     | Reached skill level 5 in Fighting
 13458 | D:11     | Found a staircase to the Lair.
 13469 | D:11     | Noticed Urug
 13507 | D:11     | Noticed a two-headed ogre
 13510 | D:11     | Killed Urug
 13511 | D:11     | Reached skill level 4 in Armour
 13513 | D:11     | Noticed a boulder beetle
 13521 | D:11     | Killed a two-headed ogre
 13522 | D:11     | Reached skill level 9 in Invocations
 13690 | D:11     | Killed a boulder beetle
 13691 | D:11     | Reached skill level 7 in Evocations
 13921 | D:11     | Noticed initializr's ghost (journeyman GrEE)
 14068 | D:11     | You pick up a book of Hexes and begin reading...
 14068 | D:11     | You add the spells Anguish and Cause Fear to your library.
 14165 | D:11     | Found a portal to a secret trove of treasure.
 14173 | D:11     | This trove requires the presence of the slimy rune of Zot
                  | to function. Show it the item?
 14339 | D:12     | Noticed Josephine
 14365 | D:12     | Killed Josephine
 14366 | D:12     | Reached skill level 6 in Fighting
 14366 | D:12     | Reached skill level 5 in Armour
 14372 | D:12     | Reached skill level 7 in Staves
 14562 | D:12     | Noticed Jorgrun
 14573 | D:12     | HP: 11/70 [Jorgrun/entropic shot (32)]
 14574 | D:12     | HP: 5/70 [constriction (7)]
 14689 | D:12     | Noticed a boulder beetle
 14700 | D:12     | Killed a boulder beetle
 14703 | D:12     | Found a staircase to the Orcish Mines.
 14718 | D:12     | Noticed a two-headed ogre
 14723 | D:12     | Killed a two-headed ogre
 14785 | D:12     | Reached XP level 13. HP: 55/75 MP: 17/20
 14804 | D:12     | Found a runed translucent gate.
 14804 | D:12     | Found a runed translucent gate.
 14805 | D:12     | Found a runed translucent gate.
 14805 | D:12     | Noticed an acid blob
 14805 | D:12     | Noticed an azure jelly
 14807 | D:12     | Noticed an azure jelly
 14807 | D:12     | Noticed an acid blob
 14808 | D:12     | Noticed an azure jelly
 14808 | D:12     | Noticed an acid blob
 14809 | D:12     | Noticed initializr's ghost (journeyman DrSh)
 14809 | D:12     | Noticed an azure jelly
 14810 | D:12     | Found a viscous altar of Jiyva.
 14888 | D:12     | Killed Jorgrun
 15233 | D:12     | Noticed Azrael
 15235 | D:12     | Reached skill level 6 in Armour
 15239 | D:12     | Killed Azrael
 15240 | D:12     | Reached skill level 10 in Invocations
 15259 | D:12     | Reached skill level 7 in Fighting
 15380 | D:12     | Reached skill level 8 in Evocations
 15404 | Orc:1    | Entered Level 1 of the Orcish Mines
 15417 | Orc:1    | Noticed an ettin
 15426 | Orc:1    | Killed an ettin
 15654 | Orc:2    | Entered Level 2 of the Orcish Mines
 15685 | Orc:1    | Reached skill level 8 in Staves
 15705 | Orc:1    | Found a frozen archway.
 15754 | IceCv    | Entered an ice cave
 16311 | IceCv    | Reached skill level 7 in Armour
 16438 | IceCv    | You add the spells Summon Ice Beast, Freezing Cloud,
                  | Simulacrum and Polar Vortex to your library.
 16438 | IceCv    | Got the Collected Works on the Blizzard
 16441 | IceCv    | Identified a +0 crystal plate armour of cold resistance
 16442 | IceCv    | d - a +0 crystal plate armour of cold resistance {rare}
 16521 | IceCv    | Noticed a frost giant
 16530 | IceCv    | Killed a frost giant
 16531 | IceCv    | Reached skill level 8 in Fighting
 16764 | IceCv    | Gained mutation: Your large and strong wings let you fly.
                  | [Gargoyle growth]
 16764 | IceCv    | Reached XP level 14. HP: 84/84 MP: 17/22
 16770 | IceCv    | Reached skill level 11 in Invocations
 16841 | Orc:1    | You drop a +0 crystal plate armour of cold resistance
                  | {rare}.
 17046 | Orc:2    | Found a staircase to the Elven Halls.
 17679 | Orc:2    | Reached skill level 9 in Staves
 17679 | Orc:2    | Reached skill level 8 in Armour
 17679 | Orc:2    | Reached skill level 9 in Evocations
 17730 | Orc:2    | Found Orogat's Magic Scroll Shop.
 17732 | Orc:2    | Found Imux Cod's General Store.
 17779 | Orc:2    | Bought a scroll of immolation for 52 gold pieces
 17779 | Orc:2    | Bought a scroll of fog for 52 gold pieces
 18196 | Orc:2    | Reached skill level 9 in Fighting
 18224 | Orc:2    | Gained mutation: Armour fits poorly on your strangely
                  | shaped body. [a neqoxec]
 18488 | Orc:2    | Found Loudosaw's Book Shoppe.
 18488 | Orc:2    | Found a one-way gate leading to the halls of Pandemonium.
 18488 | Orc:2    | Found Baluc's Antique Weapon Emporium.
 18968 | D:9      | Bought a book of Unlife for 468 gold pieces
 18968 | D:9      | You pick up a book of Unlife and begin reading...
 18968 | D:9      | You add the spells Animate Dead and Borgnjor's Vile Clutch
                  | to your library.
 18974 | D:9      | Learned a level 5 spell: Borgnjor's Vile Clutch
 19262 | D:12     | Noticed Sonja
 19266 | D:12     | Killed Sonja
 19492 | D:12     | Reached skill level 1 in Necromancy
 19505 | D:12     | Reached skill level 9 in Armour
 19640 | D:12     | Noticed Psyche
 19648 | D:12     | Killed Psyche
 19649 | D:12     | Reached skill level 12 in Invocations
 19863 | D:12     | Reached skill level 2 in Necromancy
 19949 | D:12     | You pick up a book of Lightning and begin reading...
 19949 | D:12     | You add the spells Vhi's Electric Charge and Arcjolt to
                  | your library.
 20019 | D:12     | Reached skill level 10 in Staves
 20052 | D:12     | Reached skill level 10 in Fighting
 20078 | D:12     | You add the spells Sting, Poisonous Vapours and Olgreb's
                  | Toxic Radiance to your library.
 20208 | D:12     | Reached XP level 15. HP: 92/92 MP: 21/24
 20470 | D:13     | Noticed Maurice
 20484 | D:13     | Killed Maurice
 20643 | D:13     | Reached skill level 10 in Evocations
 20661 | D:13     | Reached skill level 3 in Necromancy
 20799 | D:13     | Identified the +3 flail "Ecikhiw" {freeze, rF- Int+4}
 20935 | D:13     | Identified the +0 robe of Leaves {+Inv Str+6}
 21035 | D:13     | Noticed Frances
 21045 | D:13     | Killed Frances
 21079 | D:13     | Reached skill level 4 in Necromancy
 21425 | D:13     | Found a gate to the Vaults.
 21528 | D:13     | Reached skill level 13 in Invocations
 21691 | D:13     | You pick up a book of Death and begin reading...
 21691 | D:13     | You add the spells Haunt and Infestation to your library.
 21916 | D:14     | You pick up a book of Blasting and begin reading...
 21916 | D:14     | You add the spells Volatile Blastmotes, Fulminant Prism and
                  | Iskenderun's Mystic Blast to your library.
 22022 | D:14     | Found a gate leading to a gauntlet.
 22035 | D:14     | Reached ****** piety under Makhleb
 22082 | Gauntlet | Entered a Gauntlet
 22082 | Gauntlet | Found a transporter.
 22092 | Gauntlet | Found a transporter.
 22108 | Gauntlet | Found a transporter.
 22114 | Gauntlet | Found a transporter.
 22129 | Gauntlet | Found a transporter.
 22148 | Gauntlet | Found a transporter.
 22160 | Gauntlet | Found a transporter.
 22165 | Gauntlet | Found a transporter.
 22167 | Gauntlet | Found a transporter.
 22184 | Gauntlet | Found a transporter.
 22191 | Gauntlet | Found a transporter.
 22210 | Gauntlet | Found a transporter.
 22221 | Gauntlet | Found a transporter.
 22223 | Gauntlet | Found a transporter.
 22240 | Gauntlet | Found a transporter.
 22245 | Gauntlet | Found a transporter.
 22288 | Gauntlet | Found a transporter.
 22313 | Gauntlet | Found a transporter.
 22537 | Gauntlet | Identified the -2 hat of the Well-Known Friends {rPois rN+
                  | SInv}
 22575 | Gauntlet | Identified the +2 pair of boots "Trusted Companion" {rC+
                  | Str+6}
 22699 | Gauntlet | You pick up a book of the Wilderness and begin reading...
 22699 | Gauntlet | You add the spells Summon Forest, Summon Mana Viper and
                  | Summon Cactus Giant to your library.
 22699 | Gauntlet | You add the spells Freeze, Hailstorm, Tukima's Dance and
                  | Ozocubu's Refrigeration to your library.
 22699 | Gauntlet | Got Sif Muna's Volume of Bad Luck and the Icicle
 22726 | Gauntlet | Reached skill level 5 in Necromancy
 22944 | D:14     | Found a snail-covered altar of Cheibriados.
 22994 | D:14     | Reached skill level 14 in Earth Magic
 23531 | D:15     | Entered Level 15 of the Dungeon
 23670 | D:15     | Found an ancient bone altar of Kikubaaqudgha.
 24340 | D:15     | Found a staircase to the Depths.
 24359 | D:15     | You pick up a book of Alchemy and begin reading...
 24383 | D:15     | Noticed Nessos
 24398 | D:15     | Killed Nessos
 24488 | D:15     | Reached skill level 6 in Necromancy
 24492 | D:15     | Reached skill level 14 in Invocations
 24497 | D:15     | Reached XP level 16. HP: 97/97 MP: 11/26
 24799 | Elf:1    | Entered Level 1 of the Elven Halls
 24959 | Elf:1    | Found Siesuex's Book Shop.
 25007 | Elf:1    | Learned a level 2 spell: Blink
 25116 | Elf:1    | Noticed an Executioner
 25395 | Elf:1    | Reached skill level 15 in Earth Magic
 25417 | Elf:1    | Found a shimmering blue altar of Sif Muna.
 25694 | Elf:1    | Reached skill level 1 in Translocations
 25708 | Elf:1    | Paralysed by an air elemental for 1 turns
 25866 | Elf:1    | Reached skill level 6 in Spellcasting
 26089 | Elf:1    | You pick up a book of Blasting and begin reading...
 26175 | Elf:1    | You add the spells Monstrous Menagerie and Dragon's Call to
                  | your library.
 26175 | Elf:1    | Got Sif Muna's Elucidation of Support
 26572 | Elf:1    | Reached skill level 7 in Necromancy
 26648 | Elf:2    | You add the spells Fireball, Conjure Ball Lightning and
                  | Spellforged Servitor to your library.
 26648 | Elf:2    | Got the Information on Hurting
 26681 | Elf:2    | Reached skill level 11 in Fighting
 27518 | Elf:2    | Found a huge runed translucent gate.
 27518 | Elf:2    | Found a huge runed translucent gate.
 27518 | Elf:2    | Found a huge runed translucent gate.
 27518 | Elf:2    | Found a huge runed translucent gate.
 27532 | Elf:2    | Found a huge runed translucent gate.
 27692 | Elf:3    | Entered Level 3 of the Elven Halls
 27824 | Elf:3    | Reached XP level 17. HP: 66/104 MP: 7/28
 28220 | Elf:3    | You pick up a book of Geomancy and begin reading...
 28266 | Elf:3    | Reached skill level 15 in Invocations
 28397 | Elf:3    | Reached skill level 7 in Spellcasting
 28717 | Elf:3    | Noticed a deep elf blademaster
 28722 | Elf:3    | Noticed a Hell Sentinel
 28723 | Elf:3    | Noticed a deep elf blademaster
 28724 | Elf:3    | Killed a deep elf blademaster
 28725 | Elf:3    | Reached skill level 16 in Earth Magic
 28755 | Elf:3    | Killed a deep elf blademaster
 28880 | Elf:3    | Noticed a deep elf master archer
 28886 | Elf:3    | Noticed a Brimstone Fiend
 28891 | Elf:3    | Killed a deep elf master archer
 28986 | Elf:3    | Identified the +0 robe of Vehumet, Leaping {rC+}
 29128 | Elf:3    | Noticed a deep elf master archer
 29140 | Elf:3    | Killed a deep elf master archer
 29145 | Elf:3    | Reached skill level 8 in Necromancy
 29306 | Elf:3    | Reached skill level 12 in Fighting
 29313 | Elf:3    | Identified the ring of Asewkowk {rPois rF- rN+++ Will+ SInv
                  | Stlth-}
 29314 | Elf:3    | Identified the +3 robe "Ipoirea" {rC+ Will+}
 29842 | Elf:3    | You pick up a book of Armaments and begin reading...
 29847 | Elf:3    | You pick up a book of Callings and begin reading...
 29847 | Elf:3    | You add the spells Summon Small Mammal, Call Canine
                  | Familiar and Summon Guardian Golem to your library.
 29871 | Elf:3    | You pick up a book of Decay and begin reading...
 29879 | Elf:3    | Identified the +2 helmet of the Orb {Fly Dex+3}
 30180 | Depths:1 | Entered Level 1 of the Depths
 30459 | Depths:1 | Reached skill level 8 in Spellcasting
 30771 | Depths:1 | Found a one-way gateway to a ziggurat.
 30773 | Depths:1 | Found a gateway to Hell.
 30811 | Hell     | Entered the Vestibule of Hell
 30811 | Hell     | Noticed Geryon
 30900 | Lair:1   | Entered Level 1 of the Lair of Beasts
 31259 | Lair:1   | Reached XP level 18. HP: 112/112 MP: 27/30
 32790 | Lair:3   | Found a hole to the Spider Nest.
 32977 | Lair:3   | Reached skill level 11 in Staves
 33115 | Lair:3   | You pick up a book of the Dragon and begin reading...
 33131 | Lair:3   | Found a staircase to the Shoals.
 34093 | Lair:4   | Reached skill level 11 in Evocations
 34416 | Lair:4   | You pick up a book of the Tundra and begin reading...
 34610 | Lair:5   | Entered Level 5 of the Lair of Beasts
 34665 | Lair:5   | Reached skill level 16 in Invocations
 34748 | Lair:5   | Reached skill level 9 in Conjurations
 34821 | Lair:5   | Reached skill level 17 in Earth Magic
 35103 | Lair:5   | Reached skill level 13 in Fighting
 35494 | Lair:5   | Found a runed translucent door.
 35497 | Lair:5   | Found a viscous altar of Jiyva.
 35498 | Lair:5   | Found a staircase to the Slime Pits.
 35769 | Lair:5   | Noticed Rupert
 35797 | Lair:5   | Killed Rupert
 35798 | Lair:5   | Reached skill level 9 in Spellcasting
 36233 | Spider:1 | Entered Level 1 of the Spider Nest
 36343 | Spider:1 | Noticed Aizul
 36371 | Spider:1 | Noticed Louise
 36372 | Spider:1 | You are cast into the Abyss!
 36372 | Abyss:3  | Cast into level 3 of the Abyss (Louise)
 36421 | Spider:1 | You pass through the gate.
 36421 | Spider:1 | Escaped the Abyss
 36455 | Spider:1 | Killed Aizul
 36653 | Spider:1 | Killed Louise
 36890 | Spider:1 | You pick up a book of the Senses and begin reading...
 36890 | Spider:1 | You add the spells Dazzling Flash, Agony and Silence to
                  | your library.
 37038 | Spider:1 | Reached XP level 19. HP: 120/120 MP: 28/32
 37567 | Spider:2 | Noticed Arachne
 37582 | Spider:2 | Reached skill level 10 in Conjurations
 37647 | Spider:2 | Reached skill level 12 in Staves
 39441 | Spider:4 | Entered Level 4 of the Spider Nest
 39683 | Spider:4 | Reached skill level 14 in Fighting
 39751 | Spider:4 | Reached skill level 10 in Spellcasting
 40005 | Spider:4 | Reached skill level 12 in Evocations
 40481 | Spider:4 | Reached skill level 18 in Earth Magic
 40916 | Spider:4 | Reached skill level 11 in Conjurations
 41422 | Spider:4 | Got a gossamer rune of Zot
 41712 | Shoals:1 | Entered Level 1 of the Shoals
 42177 | Shoals:1 | Reached skill level 10 in Armour
 42668 | Shoals:1 | HP: 21/121 [titan (35)]
 42673 | Shoals:1 | HP: 30/121 [sea snake (9)]
 42887 | Shoals:1 | You pick up a book of Dangerous Friends and begin
                  | reading...
 43102 | Shoals:1 | You add the spells Kiss of Death and Foxfire to your
                  | library.
 43102 | Shoals:1 | Got the Catalogue of Relocated Outbursts
 43563 | Shoals:1 | Learned a level 4 spell: Petrify
 43569 | Shoals:1 | Learned a level 5 spell: Irradiate
 43577 | Shoals:1 | Learned a level 7 spell: Orb of Destruction
 43586 | Shoals:1 | Learned a level 8 spell: Lehudib's Crystal Spear
 43773 | Shoals:2 | Reached XP level 20. HP: 127/127 MP: 26/34
 44271 | Shoals:2 | Reached skill level 12 in Conjurations
 44455 | Shoals:2 | Found a runed translucent gate.
 44455 | Shoals:2 | Found a runed translucent gate.
 44455 | Shoals:2 | Found a runed translucent gate.
 44455 | Shoals:2 | Noticed Axuaf's ghost (adept OgEE)
 44907 | Shoals:3 | Noticed Mara
 44921 | Shoals:3 | Killed Mara
 44929 | Shoals:3 | Identified the +0 chain mail of Zin's Benevolence {MP+9}
 44980 | Shoals:3 | You pick up a book of Callings and begin reading...
 45332 | Shoals:3 | Reached skill level 19 in Earth Magic
 45410 | Shoals:3 | Identified the +10 trident of Nylisim {freeze, rPois rC+
                  | Int+7 Dex+3}
 45505 | Shoals:3 | Reached skill level 13 in Conjurations
 45958 | Shoals:4 | Entered Level 4 of the Shoals
 45961 | Shoals:4 | Found Udigatz's General Store.
 46391 | Shoals:4 | Found Hovvym's Armour Boutique.
 46606 | Shoals:4 | Got a barnacled rune of Zot
 46706 | Shoals:4 | Found Kaxuucityu's Weapon Boutique.
 46754 | Shoals:4 | Reached skill level 14 in Conjurations
 46808 | Shoals:4 | Found Irroroz's Assorted Antiques.
 46829 | Shoals:4 | Bought a scroll of teleportation for 81 gold pieces
 46936 | Shoals:4 | Identified the +0 leather armour of Midwinter {Rampage
                  | Str+5}
 47615 | Shoals:4 | Identified the +3 short sword of Watchfulness {freeze,
                  | Fragile rPois Will+ Dex+4}
 47810 | Shoals:4 | Reached skill level 15 in Conjurations
 47872 | Shoals:4 | Identified the +0 battleaxe of Hepliaklqana's Whim {pain,
                  | rC+ Int-5 Dex+4}
 48404 | Slime:1  | Entered Level 1 of the Pits of Slime
 48728 | Slime:2  | Reached skill level 20 in Earth Magic
 48810 | Slime:3  | Gained mutation: You sometimes lose your temper in combat.
                  | [a shining eye]
 49147 | Slime:4  | Reached XP level 21. HP: 132/132 MP: 31/35
 49295 | Slime:4  | Gained mutation: You are occasionally teleported next to
                  | monsters. [a shining eye]
 49308 | Slime:3  | Lost mutation: Armour fits poorly on your strangely shaped
                  | body. [potion of mutation]
 49308 | Slime:3  | Lost mutation: You are occasionally teleported next to
                  | monsters. [potion of mutation]
 49308 | Slime:3  | Lost mutation: You sometimes lose your temper in combat.
                  | [potion of mutation]
 49308 | Slime:3  | Gained mutation: You are weak. (Str -2) [potion of
                  | mutation]
 49308 | Slime:3  | Gained mutation: You sometimes lose your temper in combat.
                  | [potion of mutation]
 49628 | Slime:5  | Entered Level 5 of the Pits of Slime
 49698 | Slime:5  | Gained mutation: You have an uncontrollable temper. [a
                  | shining eye]
 49752 | Slime:5  | Gained mutation: Your magical capacity is low. (-10% MP) [a
                  | shining eye]
 49763 | Slime:5  | Paralysed by a floating eye for 2 turns
 49926 | Slime:5  | Reached skill level 16 in Conjurations
 50229 | Slime:5  | Found a viscous altar of Jiyva.
 50266 | Slime:5  | HP: 14/132 [rockslime (34)]
 50377 | Slime:5  | Noticed the Royal Jelly
 50419 | Slime:5  | HP: 31/132 [spore (43)]
 50433 | Slime:5  | Killed the Royal Jelly
 50434 | Slime:5  | Reached skill level 11 in Armour
 50605 | Slime:5  | Identified the +2 short sword of Courage {freeze, *Slow
                  | rElec Int+4}
 50607 | Slime:5  | You add the spells Teleport Other and Dispersal to your
                  | library.
 50607 | Slime:5  | Got the Parchment of Peregrination
 50609 | Slime:5  | You pick up a book of Beasts and begin reading...
 50637 | Slime:5  | Got a slimy rune of Zot
 50646 | Slime:5  | You pick up a book of Callings and begin reading...
 50651 | Slime:5  | You pick up a book of Changes and begin reading...
 50659 | Slime:5  | You pick up a book of Ice and begin reading...
 50665 | Slime:5  | Got the Cyclopedia of Macabre Jinxing
 50703 | Slime:5  | You pick up a book of Unlife and begin reading...
 50705 | Slime:5  | Got the Incunabulum of the Cure and the Figure
 50969 | D:11     | This trove requires the presence of the slimy rune of Zot
                  | to function. Show it the item?
 50969 | D:11     | You showed the slimy rune of Zot to enter a treasure trove
 50970 | Trove    | Entered a treasure trove
 50972 | Trove    | Found the +3 crown of Dyrovepreva {rElec Int+2 SInv}
 50977 | Trove    | Identified the +5 pair of boots of the Saviour {rC+ Will+
                  | Str+4}
 50981 | Trove    | Identified the +1 hat of Fisairism {Slay+2}
 50983 | Trove    | Identified the +0 pair of boots "Biagosk" {rF- rN+++}
 50985 | Trove    | Identified the +0 kite shield "Ycluogargh" {rElec MP+9
                  | Str+3 Int-2}
 50988 | Trove    | Identified the +0 leather armour of Mariudim {MP+9 SInv
                  | Stlth+}
 50989 | Trove    | Identified the +0 chain mail of Fun and Games {Rampage
                  | rPois rN+++ Dex-2}
 50990 | Trove    | Identified the +0 leather armour of the Orb Guardian {Harm
                  | Rampage Dex+5 SInv}
 50991 | Trove    | Identified the +0 hat "Ymabru" {+Blink rElec Dex+2}
 50999 | Trove    | Identified the +2 chain mail "Qorch" {rC+}
 51000 | Trove    | Identified the +1 pair of boots of Death's Door {MP+9 Int+2
                  | Stlth+}
 51259 | Shoals:2 | Killed Axuaf's ghost
 51568 | D:11     | Killed initializr's ghost
 51638 | D:11     | Identified the ring "Tyrphiuw" {rPois rC+ rN+ Will-}
 52065 | D:12     | Killed initializr's ghost
 52875 | Depths:1 | You pick up a book of Scorching and begin reading...
 53004 | Depths:1 | Reached skill level 17 in Conjurations
 53333 | Depths:2 | Noticed a golden dragon
 53352 | Depths:2 | Reached skill level 15 in Fighting
 53364 | Depths:2 | Killed a golden dragon
 53371 | Depths:2 | Reached skill level 11 in Spellcasting
 53727 | Depths:2 | Identified the +8 chain mail of Fydaug {Str+5}
 53772 | Depths:2 | Reached XP level 22. HP: 140/140 MP: 2/33
 53841 | Depths:2 | Noticed a caustic shrike
 53848 | Depths:2 | Killed a caustic shrike
 54079 | Depths:2 | Found a one-way gate to the infinite horrors of the Abyss.
 54677 | Depths:2 | Noticed Grunn
 54893 | Depths:2 | Killed Grunn
 54894 | Depths:2 | Reached skill level 21 in Earth Magic
 54951 | Depths:2 | Gained mutation: You are frail. (-10% HP) [mutagenic glow]
 55062 | Depths:2 | Reached skill level 18 in Conjurations
 55665 | Depths:2 | Lost mutation: You have an uncontrollable temper. [potion
                  | of mutation]
 55665 | Depths:2 | Lost mutation: You sometimes lose your temper in combat.
                  | [potion of mutation]
 55665 | Depths:2 | Lost mutation: You are frail. (-10% HP) [potion of
                  | mutation]
 55665 | Depths:2 | Gained mutation: You occasionally lose the ability to read
                  | scrolls when taking damage. [potion of mutation]
 55666 | Depths:2 | Lost mutation: Your magical capacity is low. (-10% MP)
                  | [potion of mutation]
 55666 | Depths:2 | Lost mutation: You are weak. (Str -2) [potion of mutation]
 55666 | Depths:2 | Lost mutation: You occasionally lose the ability to read
                  | scrolls when taking damage. [potion of mutation]
 55666 | Depths:2 | Gained mutation: You are dopey. (Int -2) [potion of
                  | mutation]
 55666 | Depths:2 | Gained mutation: Armour fits poorly on your strangely
                  | shaped body. [potion of mutation]
 56543 | Depths:3 | Found Weegife's Antique Armour Shop.
 56543 | Depths:3 | Found Wirocwoh's Weapon Boutique.
 56884 | Depths:3 | Reached skill level 12 in Spellcasting
 57091 | Depths:3 | Identified a scroll of acquirement
 57110 | Depths:3 | Acquired 513 gold pieces
 57415 | Depths:3 | You pick up a book of Dreams and begin reading...
 57596 | Depths:3 | Reached skill level 19 in Conjurations
 57953 | Depths:3 | Reached skill level 2 in Translocations
 58200 | Depths:3 | Reached skill level 12 in Armour
 58512 | Depths:3 | Found the +8 frozen axe "Frostbite" {freeze, freezing
                  | cloud, *Noise Fly rC+}
 58644 | Depths:3 | Identified the +7 falchion of Ewosuw {freeze, *Rage rF+++
                  | Will- Dex+8}
 58721 | Depths:3 | Upgraded the game from 0.31-a0-344-gd109795599 to
                  | 0.31-a0-345-g1ebeae05c6
 58740 | Depths:3 | Reached skill level 4 in Transmutations
 58984 | Depths:3 | Found a corrupted altar of Lugonu.
 59157 | Depths:4 | Entered Level 4 of the Depths
 59172 | Depths:4 | Reached XP level 23. HP: 144/144 MP: 27/39
 59180 | Depths:4 | Identified +9 gold dragon scales
 59180 | Depths:4 | Noticed Parghit
 59189 | Depths:3 | Reached skill level 3 in Translocations
 59434 | Depths:4 | Identified the amulet "Avesag" {Acrobat Str+3 Int+3}
 59766 | Spider:2 | Killed Arachne
 60125 | Spider:2 | Lost mutation: You are dopey. (Int -2) [potion of mutation]
 60125 | Spider:2 | Lost mutation: Armour fits poorly on your strangely shaped
                  | body. [potion of mutation]
 60125 | Spider:2 | Gained mutation: You are strong-willed. (Will+) [potion of
                  | mutation]
 60125 | Spider:2 | Gained mutation: Your flesh is cold resistant. (rC+)
                  | [potion of mutation]
 61127 | Depths:4 | Found a gate to the Realm of Zot.
 61127 | Depths:4 | Noticed a golden dragon
 61138 | Depths:4 | Killed a golden dragon
 61330 | Depths:4 | Reached skill level 22 in Earth Magic
 61350 | Depths:4 | Reached skill level 20 in Conjurations
 61690 | Depths:4 | Killed Parghit
 62081 | Depths:4 | Found Afouc's Jewellery Shop.
 62081 | Depths:4 | Found Letuatriu's Book Shoppe.
 62082 | Depths:4 | Found Sain's Jewellery Shop.
 62090 | Depths:4 | Bought a book of Iron for 384 gold pieces
 62090 | Depths:4 | You pick up a book of Iron and begin reading...
 62090 | Depths:4 | You add the spells Summon Lightning Spire and Lee's Rapid
                  | Deconstruction to your library.
 62090 | Depths:4 | Bought a manual of Transmutations for 960 gold pieces
 62096 | Depths:4 | Learned a level 5 spell: Lee's Rapid Deconstruction
 62101 | Depths:4 | Learned a level 4 spell: Animate Armour
 62103 | Depths:4 | Bought the ring of the Ego {Wiz rN+ Str+3} for 902 gold
                  | pieces
 62443 | D:11     | Learned a level 7 spell: Spellforged Servitor
 62500 | Vaults:1 | Entered Level 1 of the Vaults
 62801 | Vaults:1 | Reached skill level 13 in Armour
 62801 | Vaults:1 | Reached skill level 5 in Transmutations
 63032 | Vaults:1 | Reached skill level 1 in Summonings
 63418 | Vaults:1 | Found Owingerph's Antique Weapon Shoppe.
 63686 | Vaults:1 | Noticed Saint Roka
 63740 | Vaults:1 | Killed Saint Roka
 63997 | Vaults:1 | Reached skill level 2 in Summonings
 64640 | Vaults:2 | Found Myufuops's Weapon Shoppe.
 64649 | Vaults:2 | Bought the +3 Elemental Staff {rElec rF+ rC+ AC+3} for 856
                  | gold pieces
 64649 | Vaults:2 | Found the +3 Elemental Staff {rElec rF+ rC+ AC+3}
 64794 | Vaults:2 | Reached skill level 6 in Transmutations
 65630 | Vaults:2 | Reached skill level 3 in Summonings
 65920 | Vaults:2 | Reached XP level 24. HP: 150/150 MP: 27/39
 66272 | Vaults:3 | Reached skill level 21 in Conjurations
 66313 | Vaults:3 | Reached skill level 4 in Summonings
 66558 | Vaults:3 | Found Sirch's Armour Emporium.
 66874 | Vaults:3 | Noticed a curse skull
 66886 | Vaults:3 | Killed a curse skull
 67176 | Vaults:3 | Found a staircase to the Crypt.
 67181 | Vaults:3 | You pick up a book of Burglary and begin reading...
 67223 | Vaults:3 | Reached skill level 14 in Armour
 67945 | Vaults:3 | Reached skill level 13 in Spellcasting
 68138 | Vaults:3 | Reached skill level 5 in Summonings
 68218 | Vaults:3 | Noticed Xtahua
 68233 | Vaults:3 | Killed Xtahua
 68749 | Vaults:4 | Noticed Boris
 68779 | Vaults:4 | Killed Boris
 69249 | Vaults:4 | You pick up a book of Sloth and begin reading...
 69249 | Vaults:4 | You add the spells Frozen Ramparts and Metabolic
                  | Englaciation to your library.
 69301 | Vaults:4 | Reached skill level 23 in Earth Magic
 70027 | Vaults:4 | Reached skill level 16 in Fighting
 70027 | Vaults:4 | Reached skill level 6 in Summonings
 70635 | Zot:1    | Entered Level 1 of the Realm of Zot
 70928 | Zot:2    | Found a transporter.
 70944 | Zot:2    | Found a transporter.
 71029 | Zot:2    | Found a transporter.
 71032 | Zot:2    | Found a transporter.
 71032 | Zot:2    | Noticed Flapstick's ghost (legendary HaBe)
 71032 | Zot:2    | Noticed a curse toe
 72250 | Zot:2    | Reached XP level 25. HP: 100/157 MP: 19/40
 72403 | Zot:3    | +0 storm dragon scales {rare}; a storm dragon corpse
 72405 | Zot:3    | +0 storm dragon scales {rare}; a storm dragon corpse
 72660 | Zot:4    | Reached skill level 15 in Armour
 72859 | Zot:5    | Entered Level 5 of the Realm of Zot
 73076 | Zot:5    | Identified +0 gold dragon scales
 73121 | Zot:5    | +0 gold dragon scales {rare}; a golden dragon corpse
 73146 | Zot:5    | +0 gold dragon scales {rare}; a golden dragon corpse
 73180 | Zot:5    | Reached skill level 7 in Summonings
 73550 | Zot:5    | Noticed an ancient lich
 73557 | Zot:5    | Killed an ancient lich
 73630 | Zot:5    | Noticed an electric golem
 73633 | Zot:5    | Killed an electric golem
 73650 | Zot:5    | Noticed an orb of fire
 73661 | Zot:5    | Killed an orb of fire
 73666 | Zot:5    | +0 storm dragon scales {rare}; a storm dragon corpse
 73703 | Zot:5    | Noticed a Killer Klown
 73705 | Zot:5    | Noticed an orb of fire
 73709 | Zot:5    | Killed an orb of fire
 73712 | Zot:5    | Noticed an orb of fire
 73717 | Zot:5    | Killed an orb of fire
 73718 | Zot:5    | Reached skill level 13 in Evocations
 73735 | Zot:5    | +0 storm dragon scales {rare}; a storm dragon corpse
 73898 | Zot:5    | Reached skill level 8 in Summonings
 73921 | Zot:5    | Noticed an orb of fire
 73924 | Zot:5    | Noticed a Killer Klown
 73924 | Zot:5    | Gained mutation: You occasionally shout uncontrollably at
                  | your foes. [an orb of fire]
 73925 | Zot:5    | Noticed an orb of fire
 73928 | Zot:5    | Killed an orb of fire
 73929 | Zot:5    | Reached skill level 14 in Spellcasting
 73930 | Zot:5    | Gained mutation: You occasionally lose the ability to drink
                  | potions when taking damage. [an orb of fire]
 73934 | Zot:5    | Killed an orb of fire
 73937 | Zot:5    | Killed a Killer Klown
 73947 | Zot:5    | Noticed an orb of fire
 73954 | Zot:5    | Noticed an electric golem
 73963 | Zot:5    | Noticed an orb of fire
 73965 | Zot:5    | Killed an orb of fire
 73978 | Zot:5    | Killed an electric golem
 73989 | Zot:5    | Killed an orb of fire
 74073 | Zot:5    | +0 storm dragon scales {rare}; a storm dragon skeleton
 74146 | Zot:5    | Killed a Killer Klown
 74277 | Zot:5    | Reached skill level 17 in Fighting
 74403 | Zot:5    | Got the Orb of Zot
 74493 | Zot:3    | +0 storm dragon scales {rare}; a storm dragon skeleton
 74672 | D:14     | Reached skill level 14 in Evocations
 74676 | D:14     | Reached XP level 26. HP: 166/166 MP: 23/41
 74810 | D:7      | Reached skill level 16 in Armour
 74965 | D:$      | Escaped with the Orb!

Vanquished Creatures
  An ancient lich (Zot:5)
  5 orbs of fire (Zot:5)
  Parghit (Depths:4)
  Boris (Vaults:4)
  Xtahua (Vaults:3)
  2 Killer Klowns (Zot:5)
  The ghost of Axuaf the Ogre Mage, an adept OgEE of Vehumet (Shoals:2)
  A caustic shrike (Depths:2)
  4 golden dragons
  3 bone dragons
  Arachne (Spider:2)
  2 electric golems (Zot:5)
  3 doom hounds (Depths:2)
  A Tzitzimitl (Depths:3)
  4 tentacled monstrosities
  Jorgrun (D:12)
  Rupert (Lair:5)
  Grunn (Depths:2)
  2 quicksilver dragons
  17 Orb Guardians
  2 titans
  2 deep elf master archers (Elf:3)
  22 acid blobs
  2 deep elf blademasters (Elf:3)
  Frances (D:13)
  An Executioner (D:10)
  2 sphinxes
  2 death cobs
  2 krakens
  An ancient champion (Vaults:3)
  6 storm dragons
  4 tengu reavers
  4 fire giants
  Aizul (Spider:1)
  2 draconian monks
  12 rockslimes
  A fenstrider witch (shapeshifter) (Depths:4)
  14 azure jellies
  Louise (Spider:1)
  3 deep elf sorcerers (Elf:3)
  5 vault wardens
  7 frost giants
  2 draconian scorchers
  5 spectral caustic shrikes (Depths:2)
  2 emperor scorpions
  2 orc warlords (Vaults:3)
  5 ghost moths
  An iron dragon (Depths:3)
  A curse skull (Vaults:3)
  5 draconian shifters
  3 deep elf elementalists (Elf:3)
  A draconian stormcaller (Zot:3)
  A demonspawn corrupter (D:14)
  3 broodmothers
  A war gargoyle (Vaults:4)
  3 reapers (Depths:2)
  7 ironbound preservers
  7 formless jellyfish
  A caustic shrike skeleton (Depths:3)
  5 quicksilver oozes
  6 stone giants
  2 draconian annihilators
  21 very ugly things
  2 vampire knights
  6 ironbound thunderhulks
  A juggernaut skeleton (Depths:3)
  4 putrid mouths (Depths:2)
  8 deep elf demonologists
  A purple draconian (Depths:4)
  Azrael (D:12)
  A black draconian (Zot:2)
  2 green draconians
  6 yellow draconians
  Nessos (D:15)
  3 spark wasps
  10 dire elephants
  3 white draconians
  A minotaur (Gauntlet)
  5 deep elf annihilators
  5 red draconians
  7 merfolk impalers
  A blizzard demon (D:4)
  A crystal guardian (Vaults:4)
  7 deep elf death magi
  8 ettins
  5 deep elf high priests
  4 fire dragons
  6 entropy weavers
  Josephine (D:12)
  5 merfolk javelineers
  A peacekeeper (Vaults:4)
  9 yaktaur captains
  The ghost of initializr the Grappler, a journeyman DrSh of Qazlal (D:12)
  6 great orbs of eyes
  A catoblepas (Lair:2)
  2 rakshasas (Depths:1)
  An ogre mage (D:13)
  17 centaur warriors
  3 jorogumos (Spider:4)
  2 anacondas (shapeshifter)
  A demonspawn (Orc:2)
  2 merfolk aquamancers (Shoals:4)
  3 merfolk avatars
  3 spriggan air magi
  12 boulder beetles
  7 ice dragons
  7 hydras
  4 ironbound frosthearts
  2 spriggan skeletons
  A hell beast (D:7)
  12 two-headed ogres
  5 radroaches
  The ghost of initializr the Fighter, a journeyman GrEE of Makhleb (D:11)
  3 alligator snapping turtles
  A vampire mage (Vaults:3)
  16 dancing weapons
  7 deep troll shamans
  6 demonic crawlers
  4 satyrs
  6 tengu warriors
  A titan zombie (Depths:3)
  12 death yaks
  11 deep troll earth magi
  8 orc high priests
  A spriggan berserker (Depths:1)
  Sonja (D:12)
  15 deep elf knights
  A spectral death yak (Lair:5)
  12 hell knights
  9 iron trolls
  17 skeletal warriors (Depths:3)
  4 skysharks
  A titan skeleton (Depths:3)
  5 pharaoh ants
  A spectral anaconda (Lair:5)
  A sun moth (Spider:4)
  A sixfirhy (D:14)
  15 sea snakes
  2 flayed ghosts
  6 glowing orange brains
  3 lindwurms
  6 steelbarb worms
  2 golden dragon skeletons (Depths:3)
  An obsidian statue (Lair:5)
  11 deep elf archers
  9 necromancers
  Pikel (D:5)
  26 harpies
  39 deep trolls
  10 wizards
  5 orc knights
  A phantasmal warrior (Vaults:3)
  17 ironbound convokers
  24 deep elf zephyrmancers
  10 orb spiders
  32 ugly things
  20 deep elf pyromancers
  17 wolf spiders
  An iron dragon zombie (Depths:3)
  A shadow dragon skeleton (Depths:3)
  3 fauns
  4 shining eyes
  2 spectral merfolk (Shoals:2)
  16 manticores
  4 orc sorcerers
  2 oklob plants
  An iron dragon skeleton (Depths:3)
  Maurice (D:13)
  2 sphinx skeletons (Depths:3)
  6 merfolk sirens
  8 cyclopes
  A dire elephant zombie (Lair:5)
  13 moths of wrath
  6 water nymphs
  3 torpor snails
  2 black mambas
  2 eyes of devastation
  6 fire giant skeletons (Depths:3)
  Maggie (D:8)
  8 elephants
  13 cane toads
  A titan simulacrum (Depths:3)
  5 frost giant skeletons
  A gargoyle (D:11)
  10 vault sentinels
  A minotaur zombie (Gauntlet)
  2 spectral sea snakes (Shoals:2)
  An orange demon (Orc:2)
  7 rime drakes
  Psyche (D:12)
  10 komodo dragons
  An unseen horror (D:11)
  2 kobold demonologists
  A tormentor (Depths:2)
  2 nameless horrors
  3 efreet
  2 ice devils
  4 tengu conjurers
  A freezing wraith (Vaults:3)
  17 yaktaurs
  A red devil (Depths:2)
  22 merfolk
  22 tarantellas
  13 polar bears
  15 trolls
  3 hornets
  12 blink frogs
  2 spectral elephants (Lair:5)
  A tyrant leech (Gauntlet)
  A raiju (D:12)
  6 wind drakes
  12 dream sheep
  A spectral manticore (Shoals:2)
  12 snapping turtles
  26 culicivoras
  20 jumping spiders
  11 flying skulls (Depths:3)
  An air elemental (Elf:1)
  32 slime creatures
  A shadow (D:11)
  A spriggan (Depths:1)
  A ynoxinul (Orc:2)
  Sigmund (D:2)
  12 water elementals
  5 wraiths
  5 wyverns
  Eustachio (D:5)
  An alligator snapping turtle simulacrum (Shoals:2)
  3 fire elementals (D:12)
  6 golden eyes (Slime:4)
  3 steam dragons (D:8)
  57 yaks
  7 basilisks
  A chaos spawn (Orc:2)
  6 vampire mosquitoes
  38 redbacks
  12 wargs
  2 spectral cane toads (Lair:5)
  A neqoxec (Depths:2)
  3 death yak simulacra (Lair:5)
  3 swamp worms (Gauntlet)
  15 acid dragons
  3 hell hounds (D:12)
  3 tengu skeletons
  4 glowing shapeshifter skeletons (Depths:3)
  17 water moccasins
  A floating eye (shapeshifter) (Vaults:3)
  2 floating eyes
  A human skeleton (Depths:3)
  33 orc warriors
  4 ice beasts
  2 sky beasts (D:8)
  2 elephant zombies (Lair:5)
  6 black bears
  5 ogres
  13 wolves
  An elephant skeleton (Lair:5)
  2 lemures (D:5)
  11 centaurs
  2 phantoms
  8 kobold brigands
  A spectral cyclops (Shoals:2)
  10 bullfrogs
  Blork the orc (D:5)
  6 gnoll sergeants
  3 scorpions
  A merfolk simulacrum (Shoals:2)
  3 earth elementals
  10 wights
  29 killer bees
  An elephant simulacrum (Lair:5)
  6 electric eels
  8 howler monkeys
  A quasit (D:6)
  14 orc priests
  2 hounds (D:6)
  4 jellies
  Crazy Yiuf (D:5)
  2 gnoll boudas
  6 iguanas
  A sleepcap (D:6)
  14 orc wizards
  Robin (D:2)
  23 gnolls
  9 adders
  5 white imps
  3 ufetubi
  A worm (D:2)
  5 dart slugs
  72 orcs
  5 bats
  7 endoplasms
  A giant cockroach (D:2)
  12 hobgoblins
  7 jackals (D:4)
  14 kobolds
  5 quokkas
  6 ball pythons
  A frilled lizard (D:1)
  19 goblins
  3 rats
  6 tentacles
1868 creatures vanquished.

Vanquished Creatures (collateral kills)
  the Royal Jelly (Slime:5)
  2 orbs of fire (Zot:5)
  Mara (Shoals:3)
  Saint Roka (Vaults:1)
  9 Orb Guardians (Zot:5)
  A lich (Vaults:4)
  A quicksilver dragon (Zot:5)
  A demonspawn warmonger (D:14)
  A frost giant (Vaults:3)
  A ghost moth (Zot:2)
  A draconian scorcher (Zot:5)
  2 vault wardens
  10 slime creatures
  A reaper (D:14)
  A stone giant (Vaults:3)
  4 ironbound preservers
  4 ironbound thunderhulks
  A formless jellyfish (Vaults:4)
  3 dire elephants
  A black draconian (Zot:2)
  2 red draconians (Zot:5)
  A merfolk javelineer (Shoals:4)
  2 merfolk impalers (Shoals:4)
  4 great orbs of eyes
  A yaktaur captain (Vaults:4)
  A demonspawn (Orc:2)
  3 ironbound frosthearts
  A tengu warrior (D:12)
  2 merfolk aquamancers (Shoals:4)
  Urug (D:11)
  2 death yaks (IceCv)
  2 orc high priests (Orc:2)
  12 deep trolls
  2 ironbound convokers (Vaults:3)
  A deep elf pyromancer (D:15)
  A wizard (Vaults:2)
  2 orc knights
  7 lindwurms
  3 ugly things
  A wolf spider (Spider:4)
  A manticore (Shoals:4)
  2 moths of wrath (Zot:5)
  4 fauns
  4 vault sentinels
  A freezing wraith (Vaults:1)
  3 yaktaurs
  3 merfolk (Shoals:4)
  A troll (shapeshifter) (Vaults:3)
  A hornet (D:9)
  A culicivora (Spider:4)
  A wraith (D:12)
  2 water elementals (Shoals:4)
  2 yaks
  2 wargs (D:12)
  An acid dragon (D:12)
  A hell hound (D:12)
  8 orc warriors
  A gnoll sergeant (D:12)
  2 killer bees (D:9)
  2 howler monkeys (D:12)
  5 orc priests
  2 orc wizards
  8 orcs
156 creatures vanquished.

Vanquished Creatures (others)
  A deep elf pyromancer (Elf:1)
  A faun (Shoals:4)
  A rime drake (IceCv)
  A water elemental (Shoals:4)
  A killer bee (D:9)
  19 tentacles
24 creatures vanquished.

Grand Total: 2048 creatures vanquished

Table legend:
 A = Non-vault XP
 B = Vault XP
 C = Vault XP percentage of total XP
 D = Non-vault monster count
 E = Vault monster count
 F = Vault count percentage of total count
                 A         B        C        D         E       F
            +---------+---------+-------+---------+---------+-------
      Total |  581524 |  518586 |  47.1 |    1209 |     781 |  39.2
            +---------+---------+-------+---------+---------+-------
        D:1 |      28 |       2 |   6.7 |      15 |       1 |   6.2
        D:2 |      24 |     268 |  91.8 |      10 |      16 |  61.5
        D:3 |     183 |       0 |   0.0 |      20 |       0 |   0.0
        D:4 |     509 |       0 |   0.0 |      24 |       0 |   0.0
        D:5 |     649 |    1118 |  63.3 |      20 |       9 |  31.0
        D:6 |    1189 |      87 |   6.8 |      30 |       9 |  23.1
        D:7 |    1561 |       0 |   0.0 |      32 |       0 |   0.0
        D:8 |    1651 |    5964 |  78.3 |      20 |      36 |  64.3
        D:9 |    2815 |       0 |   0.0 |      33 |       0 |   0.0
       D:10 |    2900 |       0 |   0.0 |      16 |       0 |   0.0
       D:11 |    4771 |    7962 |  62.5 |      26 |      24 |  48.0
       D:12 |    3402 |   33862 |  90.9 |      14 |      72 |  83.7
       D:13 |    7973 |    8340 |  51.1 |      16 |      18 |  52.9
       D:14 |    9889 |       0 |   0.0 |      22 |       0 |   0.0
       D:15 |    8161 |    5136 |  38.6 |      22 |       7 |  24.1
     Lair:1 |    7865 |       0 |   0.0 |      29 |       0 |   0.0
     Lair:2 |    4076 |    2098 |  34.0 |      16 |       4 |  20.0
     Lair:3 |    8665 |     725 |   7.7 |      33 |       2 |   5.7
     Lair:4 |   12171 |       0 |   0.0 |      29 |       0 |   0.0
     Lair:5 |    9709 |   16274 |  62.6 |      26 |      38 |  59.4
   Shoals:1 |    9073 |    3188 |  26.0 |      17 |       4 |  19.0
   Shoals:2 |   13391 |    4911 |  26.8 |      27 |       9 |  25.0
   Shoals:3 |    9396 |    4207 |  30.9 |      17 |       1 |   5.6
   Shoals:4 |   25054 |   24322 |  49.3 |      51 |      40 |  44.0
   Spider:1 |   11674 |    7826 |  40.1 |      31 |      14 |  31.1
   Spider:2 |   17439 |    2438 |  12.3 |      39 |       2 |   4.9
   Spider:3 |   17725 |       0 |   0.0 |      43 |       0 |   0.0
   Spider:4 |   14468 |   15894 |  52.3 |      31 |      34 |  52.3
    Slime:1 |    7462 |       0 |   0.0 |       9 |       0 |   0.0
    Slime:2 |    2786 |       0 |   0.0 |       8 |       0 |   0.0
    Slime:3 |    5286 |       0 |   0.0 |       4 |       0 |   0.0
    Slime:4 |   12530 |       0 |   0.0 |      17 |       0 |   0.0
    Slime:5 |   12844 |   26630 |  67.5 |      15 |      15 |  50.0
      Orc:1 |    2620 |       0 |   0.0 |      14 |       0 |   0.0
      Orc:2 |    2642 |   16257 |  86.0 |      19 |      58 |  75.3
      Elf:1 |   25771 |    8280 |  24.3 |      40 |      13 |  24.5
      Elf:2 |    9171 |    2480 |  21.3 |      19 |       3 |  13.6
      Elf:3 |   13084 |   30824 |  70.2 |      24 |      30 |  55.6
   Vaults:1 |    6120 |   24233 |  79.8 |       9 |      37 |  80.4
   Vaults:2 |   42646 |    2490 |   5.5 |      56 |       4 |   6.7
   Vaults:3 |   18685 |   60745 |  76.5 |      30 |      76 |  71.7
   Vaults:4 |   17736 |   12631 |  41.6 |      23 |      13 |  36.1
   Depths:1 |   30773 |     794 |   2.5 |      41 |       1 |   2.4
   Depths:2 |   34917 |   24810 |  41.5 |      35 |      16 |  31.4
   Depths:3 |   43067 |   30209 |  41.2 |      53 |      55 |  50.9
   Depths:4 |   31084 |   20414 |  39.6 |      34 |      17 |  33.3
      Zot:1 |    4605 |       0 |   0.0 |       4 |       0 |   0.0
      Zot:2 |    8591 |    2259 |  20.8 |       8 |       3 |  27.3
      Zot:3 |    6490 |    1347 |  17.2 |       6 |       1 |  14.3
      Zot:4 |    8825 |       0 |   0.0 |       6 |       0 |   0.0
      Zot:5 |   26371 |   92323 |  77.8 |      25 |      37 |  59.7
    Abyss:3 |    1007 |       0 |   0.0 |       1 |       0 |   0.0
     Bailey |       0 |    1198 | 100.0 |       0 |      16 | 100.0
      IceCv |       0 |   12693 | 100.0 |       0 |      33 | 100.0
   Gauntlet |       0 |    3347 | 100.0 |       0 |      13 | 100.0
            +---------+---------+-------+---------+---------+-------

Skill      XL: |  1  2  3  4  5  6  7  8  9 10 11 12 13 14 15 16 17 18 19 20 21 22 23 24 25 26 |
---------------+-------------------------------------------------------------------------------+-----
Earth Magic    | 4 5 6 7 9 12 13 14 15 16 17 18 20 21 22 23 | 23.7
Conjurations   | 1 3 4 5 6 7 8 9 11 15 17 19 20 21 | 21.6
Fighting       | 1 3 4 6 8 10 11 12 13 14 15 16 17 | 17.1
Invocations    | 1 3 5 8 9 10 12 14 15 16 | 16.0
Staves         | 3 5 7 8 10 11 12 | 12.0
Spellcasting   | 3 5 6 8 9 10 11 12 13 14 | 14.0
Transmutations | 1 3 4 6 |  6.8
Evocations     | 1 3 6 7 8 9 10 11 12 14 | 14.0
Armour         | 2 5 7 9 10 11 12 13 14 15 16 | 16.0
Necromancy     | 2 6 7 8 |  8.0
Translocations | 1 2 3 |  3.0
Summonings     | 3 6 8 |  8.0
Dodging        | |  1.5
Stealth        | |  2.1

Action                     |  1- 3 |  4- 6 |  7- 9 | 10-12 | 13-15 | 16-18 | 19-21 | 22-24 | 25-27 || total
---------------------------+-------+-------+-------+-------+-------+-------+-------+-------+-------++-------
  Melee: Dagger            |     4 |     5 |    28 |       |       |       |       |       |       ||    37
         Punch             |       |       |     1 |       |       |       |       |       |       ||     1
         Quarterstaff      |       |       |     8 |       |       |       |       |       |       ||     8
         Whip              |       |       |     7 |    43 |       |       |       |       |       ||    50
         Staff             |       |       |       |    23 |   297 |  1302 |  1584 |  1394 |    88 ||  4688
  Throw: Stone             |       |       |     6 |     7 |       |       |       |       |       ||    13
         Dart              |       |       |     1 |    19 |    22 |     4 |     2 |       |       ||    48
         Boomerang         |       |       |       |       |     1 |       |       |       |       ||     1
         Javelin           |       |       |       |       |       |       |       |       |     1 ||     1
   Cast: Sandblast         |    38 |    81 |   140 |   265 |   263 |   189 |   172 |    33 |       ||  1181
         Stone Arrow       |       |     1 |    23 |   125 |   298 |   231 |   338 |   112 |    14 ||  1142
         Borgnjor's Vile C |       |       |       |       |     1 |    74 |    43 |    84 |    36 ||   238
         Blink             |       |       |       |       |       |     2 |     1 |     1 |     1 ||     5
         Petrify           |       |       |       |       |       |       |     2 |       |       ||     2
         Orb of Destructio |       |       |       |       |       |       |     8 |    17 |       ||    25
         Lehudib's Crystal |       |       |       |       |       |       |       |   109 |    61 ||   170
         Spellforged Servi |       |       |       |       |       |       |       |    32 |     8 ||    40
         Animate Armour    |       |       |       |       |       |       |       |    10 |     3 ||    13
 Invoke: Lesser Servant of |       |       |       |     3 |    22 |     2 |    13 |     1 |       ||    41
         Major Destruction |       |       |       |     1 |    14 |    16 |     5 |    15 |     2 ||    53
         Greater Servant o |       |       |       |       |       |     1 |     4 |       |     1 ||     6
         Minor Destruction |       |       |       |       |       |       |     1 |       |       ||     1
Ability: Evoke Blink       |       |       |     8 |     1 |     2 |       |       |       |       ||    11
  Evoke: Wand              |       |       |       |     9 |    27 |     5 |    35 |    11 |     8 ||    95
         Phial of floods   |       |       |       |       |     1 |     1 |     1 |       |       ||     3
         Lightning rod     |       |       |       |       |       |       |     2 |       |       ||     2
         Tin of tremorston |       |       |       |       |       |       |     1 |       |       ||     1
    Use: Scroll            |       |       |     9 |     8 |     4 |    15 |    26 |    13 |     3 ||    78
         Potion            |       |       |     1 |     4 |     4 |     1 |     7 |     4 |     5 ||    26
   Stab: Sleeping          |     2 |     1 |       |       |       |     2 |     1 |       |       ||     6
         Distracted        |       |       |       |       |     1 |       |     1 |     1 |       ||     3
         Betrayed ally     |       |       |       |       |     1 |       |     1 |       |       ||     2
         Petrified         |       |       |       |       |       |       |     7 |       |       ||     7
         Confused          |       |       |       |       |       |       |       |       |     1 ||     1
 Armour: Robe              |     4 |    11 |    80 |   110 |       |       |       |       |       ||   205
         Steam dragon scal |       |       |       |    43 |       |       |       |       |       ||    43
         Acid dragon scale |       |       |       |     3 |   242 |   302 |   545 |   608 |       ||  1700
         Fire dragon scale |       |       |       |       |       |       |       |    35 |    68 ||   103
  Dodge: Dodged            |     3 |    19 |    67 |   198 |   197 |   347 |   535 |   596 |    54 ||  2016

Illustrated notes

Table legend:
 A = Kills in this place as a percentage of kills in the entire game.
 B = Kills by you in this place as a percentage of kills by you in the entire game.
 C = Kills by friends in this place as a percentage of kills by friends in the entire game.
 D = Other kills in this place as a percentage of other kills in the entire game.
 E = Experience gained in this place as a percentage of experience gained in the entire game.
 F = Experience gained in this place divided by the number of levels of this place that you have seen.
                   A       B       C       D       E      F
               +-------+-------+-------+-------+-------+----------------------
         Total | 100.0 | 100.0 | 100.0 | 100.0 | 100.0 | 19169.5
       Dungeon |  25.9 |  26.9 |  14.7 |   0.0 |  10.4 | 7734.6
          Lair |   8.8 |   9.6 |   0.0 |   0.0 |   5.5 | 12316.6
        Shoals |   8.3 |   8.1 |  10.3 |  50.0 |   8.4 | 23385.5
   Spider Nest |   9.7 |  10.4 |   1.3 |   0.0 |   7.9 | 21866.0
    Slime Pits |   3.4 |   3.6 |   0.6 |   0.0 |   6.1 | 13507.6
  Orcish Mines |   4.5 |   3.9 |  12.8 |   0.0 |   1.9 | 10759.5
   Elven Halls |   6.4 |   6.9 |   0.0 |  50.0 |   8.1 | 29870.0
        Vaults |  12.4 |   9.5 |  46.2 |   0.0 |  16.7 | 46321.5
        Depths |  12.7 |  13.8 |   0.0 |   0.0 |  19.8 | 54961.0
           Zot |   4.5 |   3.9 |  12.2 |   0.0 |  13.6 | 30236.0
         Abyss |   0.0 |   0.1 |   0.0 |   0.0 |   0.1 | 1007.0
        Bailey |   0.8 |   0.9 |   0.0 |   0.0 |   0.1 | 1198.0
      Ice Cave |   1.6 |   1.6 |   1.9 |   0.0 |   1.1 | 12693.0
      Gauntlet |   0.6 |   0.7 |   0.0 |   0.0 |   0.3 | 3347.0
               +-------+-------+-------+-------+-------+----------------------

Table legend: (Time is in decaauts)
 A = Elapsed time spent in this place.
 B = Non-inter-level travel time spent in this place.
 C = Inter-level travel time spent in this place.
 D = Time resting spent in this place.
 E = Time spent auto-exploring this place.
 F = Levels seen in this place.
 G = Mean time per level.
                   A        B        C        D        E       F      G
               +--------+--------+--------+--------+--------+-----+--------+
         Total |  74738 |  68140 |   6598 |   5019 |  48538 |  58 | 1288.6 |
       Dungeon |  22652 |  19672 |   2980 |    937 |  14650 |  15 | 1510.1 |
        Temple |      1 |      1 |      0 |      0 |      0 |   1 |    1.0 |
          Lair |   5871 |   5134 |    737 |     19 |   4201 |   5 | 1174.2 |
        Shoals |   6713 |   6429 |    284 |    110 |   5178 |   4 | 1678.2 |
   Spider Nest |   5798 |   5372 |    426 |    233 |   3945 |   4 | 1449.5 |
    Slime Pits |   2397 |   2238 |    159 |    556 |    716 |   5 |  479.4 |
  Orcish Mines |   2532 |   2232 |    300 |    113 |   1300 |   2 | 1266.0 |
   Elven Halls |   5235 |   5040 |    195 |    720 |   3365 |   3 | 1745.0 |
        Vaults |   8122 |   7610 |    512 |    242 |   6259 |   4 | 2030.5 |
        Depths |   9689 |   9006 |    683 |    895 |   6473 |   4 | 2422.2 |
          Hell |      1 |      1 |      0 |      0 |      0 |   1 |    1.0 |
           Zot |   3304 |   2987 |    317 |    919 |   1171 |   5 |  660.8 |
         Abyss |     47 |     47 |      0 |     10 |      0 |   1 |   47.0 |
         Trove |     65 |     65 |      0 |      0 |      7 |   1 |   65.0 |
        Bailey |    489 |    489 |      0 |    114 |    218 |   1 |  489.0 |
      Ice Cave |   1103 |   1103 |      0 |    103 |    624 |   1 | 1103.0 |
      Gauntlet |    711 |    711 |      0 |     44 |    430 |   1 |  711.0 |
               +--------+--------+--------+--------+--------+-----+--------+

Top non-repeatable levels by time:
Depths:3: 3447 daAuts
    D:12: 2828 daAuts
Depths:2: 2561 daAuts
Vaults:3: 2488 daAuts
     D:8: 2337 daAuts
   Elf:3: 2273 daAuts
Shoals:4: 2109 daAuts
Vaults:1: 2064 daAuts
   Orc:2: 2023 daAuts
Spider:4: 2002 daAuts
Shoals:1: 1995 daAuts
Depths:1: 1980 daAuts
     D:5: 1976 daAuts
   Elf:1: 1898 daAuts
    D:11: 1868 daAuts
